Cogmind - Beta 17 @@@ ROGUE MODE // 2026.07.11 @ 07:18:55 Player: shapeshifter Result: Destroyed by Y-72 Warden with Quantum Rifle Performance ------------- Evolutions (8) 4000 Regions Visited (31) 6200 Robots Destroyed (298) 1490 Value Destroyed (12665) 12665 Prototype IDs (167) 3340 Alien Tech Used (3) 600 Bonus (31639) 31639 TOTAL SCORE: 59934 Bonus ------- High Alert Combat Kills 142 Follower Combat Kills 613 Prayed to X0-1V1 5000 Major X0-1V1 Interference 18200 Awakened Behemoth Slayer 1000 Met Data Miner 300 Met Imprinter 300 Destroyed Z-Imprinter 1000 Met Zhirov 300 Met Warlord at Base 500 MAIN.C Attacked Warlord 500 Met Warlord at Research 2000 Invited to Help at Command 2000 Friendly Fire -216 Cogmind --------- Core Integrity 0/1600 Matter 203/300 Energy 98/100 System Corruption 14% Temperature Cool (9) Movement Core (50) Location -2/Protoforge Parts ------- > --- POWER (3) -------- (None) > --- PROPULSION (7) --- (None) > --- UTILITY (11) ----- Self-contained Transmogrifier > --- WEAPON (3) ------- (None) > --- INVENTORY (5) ---- Protomatter-72 Protomatter-54 Crosscalibrator Subatomic Replicator CR-A16's Behemoth Slayer Peak State ------------ > --- POWER ------------ Light Antimatter Reactor Micro Antimatter Reactor > --- PROPULSION ------- Combat Antigrav System Combat Linear Gravjet Combat Linear Gravjet Combat Linear Gravjet Combat Linear Gravjet Combat Linear Gravjet Combat Linear Gravjet > --- UTILITY ---------- Large Storage Unit Concept Chromion Battery Concept Chromion Battery Concept Chromion Battery Advanced Signal Interpreter Advanced Weapon Cycler Experimental Cloaking Device Concept Core Shell Concept Core Shell Experimental Hacking Suite X0-1V1's Piety Tracker > --- WEAPON ----------- Concept Variable Chargecaster Enhanced Nova Cannon Compact Tesla Bomb Launcher > --- INVENTORY -------- Protomatter Protomatter Improved Antigrav System Improved Antigrav System Concept Core Shell Concept Core Shell Hacking Drone Bay Self-contained Transmogrifier Core Reset Matrix Subatomic Replicator Vortex Rail Vortex Rail Gamma Bomb Array Enhanced Force Lance CR-A16's Behemoth Slayer [Rating: 221] Favorites ----------- Power Hybrid Antimatter Reactor Engine Light Deuterium Engine Power Core Micro Fission Core Reactor Hybrid Antimatter Reactor Propulsion Combat Airjet Treads Light Treads Leg Flexi-carbon Leg Wheel Subdweller Monowheel Hover Unit Combat Airjet Flight Unit Cooled VTOL Module Utility Large Storage Unit Device Self-contained Transmogrifier Storage Large Storage Unit Processor Machine Analyzer Hackware Advanced Hacking Suite Protection Improved Medium Armor Plating Weapon HERF Cannon Energy Gun Gatling Laser Energy Cannon HERF Cannon Ballistic Gun Improved KE Penetrator Ballistic Cannon Bore Cannon Launcher Micro-nuke Launcher Special Weapon RU-N14's Throwing Claymores v3 Impact Weapon Shock Maul Slashing Weapon Scimitar of Distortion Piercing Weapon Enhanced Force Lance Special Melee Weapon Improved Datajack Build | -11 -10 -10 -10 -8 -7 -7 -7 -7 -6 -6 -6 -6 -6 -6 -5 -5 -5 -5 -5 -4 -4 -4 -4 -4 -3 -3 -3 -3 -2 -2 -2 ------- Run | Yrd Mat Min Sub Mat Fac Low Low Dat Pro Fac Low Low Zio Dee Pro Fac Upp Upp War Pro Fac Upp Upp Zhi Pro Res Arm Lab Res Qua Frg Slots Evolved 16 | . . . . 4 2 . . . . 2 . . . . . 2 . . . . 2 . . . . 2 . . 2 . . Power 1 | . . . . . . . . . . . . . . . . . . . . . . . . . . 1 . . . . . Propulsion 5 | . . . . 1 1 . . . . . . . . . . 1 . . . . 2 . . . . . . . . . . Utility 9 | . . . . 3 1 . . . . 2 . . . . . 1 . . . . . . . . . 1 . . 1 . . Weapon 1 | . . . . . . . . . . . . . . . . . . . . . . . . . . . . . 1 . . Parts Attached 284 | 7 8 6 33 3 7 4 4 . 7 17 3 3 2 21 5 26 2 2 10 2 7 10 1 4 4 16 19 . 21 1 29 Power 27 | 1 1 2 5 . 1 . . . . 1 . . . 3 . 2 . . . . . 2 . 1 1 1 2 . 1 . 3 Engine 11 | 1 1 2 5 . 1 . . . . . . . . . . . . . . . . 1 . . . . . . . . . Core 3 | . . . . . . . . . . 1 . . . . . 1 . . . . . . . . . . 1 . . . . Reactor 13 | . . . . . . . . . . . . . . 3 . 1 . . . . . 1 . 1 1 1 1 . 1 . 3 Propulsion 81 | 2 . 2 12 2 3 . 1 . 1 5 1 . . 6 2 9 1 . 2 1 2 2 . . 1 5 9 . 8 . 4 Treads 9 | 2 . . . 2 1 . 1 . . . . . . . 1 1 . . . . . 1 . . . . . . . . . Leg 1 | . . . . . . . . . . . . . . . . . . . . . . 1 . . . . . . . . . Wheel 16 | . . 2 12 . 2 . . . . . . . . . . . . . . . . . . . . . . . . . . Hover 47 | . . . . . . . . . . 5 1 . . 6 1 6 1 . 1 . 1 . . . . 4 9 . 8 . 4 Flight 8 | . . . . . . . . . 1 . . . . . . 2 . . 1 1 1 . . . 1 1 . . . . . Utility 106 | 2 5 . 3 1 1 2 . . 3 9 1 2 1 8 3 7 . 2 5 . 5 3 . 2 1 7 6 . 9 1 17 Device 58 | 1 1 . 1 1 . 1 . . 2 7 . 2 . 3 3 3 . 2 3 . 4 1 . 1 1 5 5 . 6 1 4 Storage 11 | 1 2 . . . . . . . . . . . . 2 . 1 . . . . . . . . . . 1 . . . 4 Processor 8 | . . . . . . . . . 1 2 . . . . . 1 . . . . . 1 . . . 1 . . 1 . 1 Hackware 6 | . . . . . . . . . . . . . . . . 2 . . 1 . 1 . . . . 1 . . 1 . . Protection 23 | . 2 . 2 . 1 1 . . . . 1 . 1 3 . . . . 1 . . 1 . 1 . . . . 1 . 8 Artifact . | . . . . . . . . . . . . . . . . . . . . . . . . . . . . . . . . Weapon 70 | 2 2 2 13 . 2 2 3 . 3 2 1 1 1 4 . 8 1 . 3 1 . 3 1 1 1 3 2 . 3 . 5 Energy Gun 21 | 1 1 2 3 . 1 . 2 . . . . . . 4 . 2 . . 1 . . 1 . . . . . . . . 3 Energy Cannon 14 | . . . 4 . . . . . 1 . . . . . . 3 . . . . . 1 1 . 1 . 1 . 2 . . Ballistic Gun 6 | 1 1 . 3 . . . . . 1 . . . . . . . . . . . . . . . . . . . . . . Ballistic Cannon 1 | . . . . . . . . . . . . 1 . . . . . . . . . . . . . . . . . . . Launcher 7 | . . . 3 . . . . . . . 1 . . . . . . . . . . . . . . . 1 . 1 . 1 Special Weapon 5 | . . . . . . . . . . . . . . . . . . . 2 . . 1 . . . 1 . . . . 1 Impact Weapon 3 | . . . . . . . . . . 1 . . . . . 2 . . . . . . . . . . . . . . . Slashing Weapon 8 | . . . . . 1 2 . . 1 1 . . 1 . . . . . . 1 . . . . . 1 . . . . . Piercing Weapon 4 | . . . . . . . 1 . . . . . . . . 1 1 . . . . . . . . 1 . . . . . Special Melee Weapon 1 | . . . . . . . . . . . . . . . . . . . . . . . . 1 . . . . . . . Unidentified Prototypes 28 | . 1 . . . . . . . . . 1 . . 10 . 2 . . 2 . . . . 1 . . 6 . . . 5 Parts Lost 103 | . . 1 6 . 1 . . . 9 2 . . . 6 6 6 2 . 2 1 2 6 1 . 3 3 2 . . 2 42 Power 15 | . . 1 2 . . . . . 2 1 . . . . . . . . 1 . 1 . 1 . . 1 . . . . 5 Propulsion 35 | . . . 3 . . . . . 2 . . . . 1 3 4 2 . 1 1 1 4 . . 1 . . . . . 12 Utility 37 | . . . 1 . . . . . 2 1 . . . 2 2 2 . . . . . 2 . . 1 2 2 . . 2 18 Weapon 16 | . . . . . 1 . . . 3 . . . . 3 1 . . . . . . . . . 1 . . . . . 7 Highest Loss Streak 18 | . . 1 2 . 1 . . . 5 1 . . . 3 7 2 2 . 2 1 1 3 1 . 3 2 2 . . 1 18 To Critical Strikes 2 | . . . . . . . . . . . . . . . . 1 . . . . . . . . . . . . . . 1 Average Backups 11 | 2 7 10 11 11 11 14 16 17 16 10 10 11 10 11 11 11 12 12 11 10 11 10 11 11 11 11 12 12 12 12 10 Power . | . . . . . . . . . . . . . . . 1 1 1 1 . 1 1 1 1 1 1 1 . . . . . Propulsion . | . . . . . . . . . . 1 1 2 1 1 . . . . . . . . . . . . 1 2 1 1 1 Utility 4 | . 4 5 3 4 6 6 8 8 8 3 3 4 4 5 5 5 6 5 3 2 2 2 2 2 2 2 2 2 4 4 2 Weapon 2 | . 1 3 4 4 2 4 5 5 4 2 2 2 2 2 1 2 2 2 3 5 6 5 5 5 4 4 4 5 4 4 3 Tool/Special . | . . . . . . . . . . . . . . . . . . . . . . . . . . . . . . . . Unused Backups 46 | . 2 . 11 1 . 2 2 . 3 1 . . . 5 1 3 . 2 3 . . 1 . . . . . . 4 . 5 Power 3 | . . . 3 . . . . . . . . . . . . . . . . . . . . . . . . . . . . Propulsion 1 | . . . . . . . . . . . . . . 1 . . . . . . . . . . . . . . . . . Utility 22 | . 1 . 3 1 . 1 1 . 2 . . . . 4 1 2 . . . . . 1 . . . . . . 2 . 3 Weapon 13 | . 1 . 5 . . 1 1 . 1 . . . . . . 1 . 1 2 . . . . . . . . . . . . Tool/Special 7 | . . . . . . . . . . 1 . . . . . . . 1 1 . . . . . . . . . 2 . 2 Average Slot Usage (%) 87 | . 100 80 91 77 80 69 94 85 87 84 92 88 88 83 78 83 90 95 97 90 75 75 81 82 82 81 93 86 92 91 79 Engine 3 | . 14 9 12 . 4 4 6 7 5 1 6 6 2 . . . . . 1 5 2 . . . . . . . . . . Core 3 | . . . . 16 9 4 6 7 6 4 . . 3 3 . 2 4 5 2 5 4 6 6 5 3 . 3 4 1 . . Reactor 1 | . . . . . . . . . . . . . . 2 12 7 5 5 5 . . 2 . 2 6 8 4 4 6 8 4 Treads 2 | . 28 16 . 17 17 4 4 . . . . . . . 4 4 . . . . . 1 . . . . . . . . . Wheel 3 | . . 7 32 . 8 9 8 7 6 . . . . . . . 5 5 1 . . . . . . . . . . . . Hover 22 | . . . . . . . . . . 26 34 26 29 28 18 16 23 27 30 28 26 15 20 20 15 26 35 36 32 30 23 Device 20 | . 5 . 9 12 14 13 21 21 20 21 25 24 20 25 31 22 17 24 32 27 22 21 34 29 21 16 21 13 19 26 18 Storage 6 | . 14 10 12 8 7 4 11 7 7 9 6 6 6 6 6 5 6 5 5 5 4 4 5 5 5 4 4 4 3 4 8 Processor 3 | . . . . . . . . . 3 5 9 6 5 2 . 2 4 . . . 2 5 . 1 5 5 4 4 3 4 5 Hackware 1 | . . . . . . . . . . . . . 1 . . 3 . . 1 . . . . 1 5 8 9 9 10 8 4 Protection 5 | . 8 10 2 5 3 10 6 7 3 2 3 6 7 6 3 3 9 9 3 8 5 4 . 2 3 1 . . . . 2 Energy Gun 4 | . 6 12 3 16 13 9 10 14 11 . . . 6 1 . 5 . . 1 . . 4 5 2 . 2 . . . . 1 Energy Cannon 3 | . . . 10 . . . . . . . 2 3 4 5 . 2 . . . . . 2 3 . 4 1 3 4 3 1 1 Ballistic Gun 1 | . 21 12 4 . . . . . . . . 4 . . . . . . . . . . . . . . . . . . . Peak Build Rating 221 | 7 19 15 33 40 51 96 96 74 77 88 75 82 108 111 104 120 125 125 130 122 118 125 122 130 132 166 193 175 204 201 221 Average Rating 90 | 5 7 12 18 34 44 84 70 73 72 73 73 80 95 95 87 104 119 123 123 115 114 110 119 124 128 147 187 175 196 192 171 On Entrance 95 | . 7 8 14 31 34 51 96 73 74 36 71 75 81 95 104 86 120 123 125 121 114 117 120 122 127 125 156 175 175 201 195 Avg Prop Armor Cover (%) 5 | . . 8 4 . 16 2 6 1 3 9 5 . 8 . 10 1 3 2 2 . 1 9 . . 2 3 . . 1 2 2 Naked Turns . | . . . . . . . . . . . . . . . . . . . . . . . . . . . . . . . . Heaviest Build 115 | 13 29 36 67 79 74 115 115 80 80 61 54 54 75 75 70 78 82 85 81 72 62 100 108 90 104 93 112 92 114 106 104 Greatest Support 115 | 40 40 40 50 63 91 24 40 28 28 60 71 59 70 72 69 105 61 53 72 64 58 58 52 52 52 107 115 114 114 114 106 Greatest Overweight (x) 6 | . . 1 5 3 5 4 6 2 3 2 . . 5 1 2 3 2 1 1 1 1 2 2 1 2 2 . . . . 1 Average Overweight (x) . | . . . 1 1 2 3 2 2 2 . . . . . 1 . . 1 . . . 1 1 1 1 . . . . . . Largest Inventory Capacity 20 | 8 20 15 20 20 20 20 20 20 20 15 15 15 15 15 15 15 15 15 15 15 15 15 15 15 15 15 15 15 15 15 15 Average Capacity 15 | 7 8 15 16 19 17 20 20 20 19 15 15 15 15 15 15 15 15 15 15 15 15 15 15 15 15 15 15 15 15 15 14 Most Carried 20 | 5 9 13 20 19 20 20 20 20 20 15 15 15 15 15 15 15 15 15 15 15 15 15 15 15 15 15 15 14 15 15 15 Average Carried 14 | 2 7 10 14 17 16 18 19 20 19 14 14 14 14 14 14 14 14 14 14 14 15 14 14 14 14 14 14 14 14 14 12 Final Capacity 20 | 8 15 15 20 15 20 20 20 20 15 15 15 15 15 15 15 15 15 15 15 15 15 15 15 15 15 15 15 15 15 15 5 Final Carried 20 | 4 9 11 19 15 19 20 20 20 14 15 15 15 14 15 15 15 15 15 15 15 15 14 15 15 15 15 14 14 15 15 5 Transmogrified Parts 351 | . . . 7 8 5 2 8 . 2 7 5 4 168 34 14 6 6 4 17 8 3 20 9 3 3 6 . . . . 2 Integrity Recovered 2206 | . . . 89 117 10 6 64 . 18 43 91 91 497 39 195 61 13 8 58 205 2 292 142 7 27 96 . . . . 35 Class Distribution -------------------- 72% | Mutant 8% | Hacker-Mutant 5% | Scavenger-Mutant 4% | Derelict-Mutant 3% | Tank Dominant Class ---------------- Mutant | -10/Materials Tank | -10/Mines Mutant | -10/Subcaves Mutant | -8/Materials Mutant | -7/Factory Mutant | -7/Lower Caves Mutant | -7/Lower Caves Mutant | -7/Data Miner Mutant | -6/Proximity Caves Mutant | -6/Factory Mutant | -6/Lower Caves Derelict-Mutant | -6/Lower Caves Mutant | -6/Zion Mutant | -6/Deep Caves Mutant | -5/Proximity Caves Mutant | -5/Factory Mutant | -5/Upper Caves Mutant | -5/Upper Caves Mutant | -5/Warlord Mutant | -4/Proximity Caves Sprinter | -4/Factory Mutant | -4/Upper Caves Tank | -4/Upper Caves Mutant | -4/Zhirov Tank | -3/Proximity Caves Hacker-Mutant | -3/Research Hacker-Mutant | -3/Armory Hacker-Mutant | -3/Lab Hacker-Mutant | -2/Research Hacker-Mutant | -2/Quarantine Mutant | -2/Protoforge Resources | -11 -10 -10 -10 -8 -7 -7 -7 -7 -6 -6 -6 -6 -6 -6 -5 -5 -5 -5 -5 -4 -4 -4 -4 -4 -3 -3 -3 -3 -2 -2 -2 ----------- Run | Yrd Mat Min Sub Mat Fac Low Low Dat Pro Fac Low Low Zio Dee Pro Fac Upp Upp War Pro Fac Upp Upp Zhi Pro Res Arm Lab Res Qua Frg Matter Collected 10604 | 288 143 292 1500 217 85 20 295 . 306 254 65 463 52 272 252 400 401 209 450 323 386 327 435 124 135 501 125 . 1648 63 573 Remotely . | . . . . . . . . . . . . . . . . . . . . . . . . . . . . . . . . Salvage Created 13753 | 174 466 249 1688 382 185 . 220 . 484 498 . 151 . 378 243 1110 392 97 . 368 172 334 408 124 264 795 175 . 1424 132 2840 Parts 665 | 15 24 10 141 19 13 . 11 . 25 22 . 4 . 10 23 32 12 4 . 10 7 5 12 3 15 37 8 . 64 14 125 Haulers Intercepted 7 | . . . . 1 . . . . . 1 . . . . . 1 . . . . . . . . . . . . 4 . . Recyclers Shooed 4 | . . 1 . . . . . . 1 1 . . . . . . . . . . . . . . . 1 . . . . . Parts Field Recycled . | . . . . . . . . . . . . . . . . . . . . . . . . . . . . . . . . Retrieved Matter . | . . . . . . . . . . . . . . . . . . . . . . . . . . . . . . . . Parts Self-Destructed 160 | . . . 81 . . . 2 . 7 . . 11 5 . 10 . 11 5 . 9 . 7 . 3 9 . . . . . . Prevented 20 | . . . . . . . 5 . 1 . . . . . 3 . . 2 . . . . 9 . . . . . . . . Parts Restored . | . . . . . . . . . . . . . . . . . . . . . . . . . . . . . . . . Kills | -11 -10 -10 -10 -8 -7 -7 -7 -7 -6 -6 -6 -6 -6 -6 -5 -5 -5 -5 -5 -4 -4 -4 -4 -4 -3 -3 -3 -3 -2 -2 -2 ------- Run | Yrd Mat Min Sub Mat Fac Low Low Dat Pro Fac Low Low Zio Dee Pro Fac Upp Upp War Pro Fac Upp Upp Zhi Pro Res Arm Lab Res Qua Frg Combat Hostiles Destroyed 254 | . 12 4 64 6 5 . 4 . 9 4 . 4 . 14 14 11 4 1 . 10 2 10 6 . 11 16 1 . 10 1 31 Melee 27 | . . . . . . . 1 . 1 3 . . . . . 1 2 1 . 7 2 1 . . . 1 . . 4 1 2 Guns 64 | . 12 4 13 6 1 . 3 . 3 . . . . 14 . 3 . . . . . . . . . . . . . . 5 Cannons 38 | . . . 24 . . . . . 1 . . 3 . . . 2 . . . . . 1 1 . 1 5 . . . . . AOE 91 | . . . 26 . 4 . . . 4 . . 1 . . 14 . . . . 3 . 8 2 . 7 10 . . 3 . 9 Classes Destroyed 25 | 2 3 1 4 1 1 . 2 . . . . 1 . 2 . 2 1 . . . . 2 2 . . 1 . . . . . Worker 10 | . . 4 . . . . . . . 3 . . . . . 1 . . . . . . . . . 1 . . . . 1 Builder 5 | . . . . . . . . . . . . . . . . . . . . . . . . . . 1 . . 1 2 1 Tunneler 5 | 4 . . . . . . . . . 1 . . . . . . . . . . . . . . . . . . . . . Hauler 7 | . . . . 1 . . . . . 1 . . . . . 1 . . . . . . . . . . . . 4 . . Recycler 6 | 1 . . . . . . . . . . . . . . . 2 . . . . . . . . . 3 . . . . . Minesweeper 1 | . . . . . . . . . . . . . . . . . . . . . . . 1 . . . . . . . . Operator 5 | . . . . . 1 . . . . 2 . . . . . . . . . . 1 . . . . . . . . . 1 Drone 7 | . . . . . . . . . . . . . . . . . 1 . . 2 . . . . 2 . . . . . 2 Turret 2 | . . . 2 . . . . . . . . . . . . . . . . . . . . . . . . . . . . Watcher 13 | . 2 . . . . . . . 2 2 . . . . . 1 . . . . . . . . . 1 1 . 1 . 3 Swarmer 79 | . 3 . 28 . 4 . 2 . 3 . . . . . 14 . . . . 4 . 3 . . 5 13 . . . . . Grunt 59 | . 9 4 19 1 . . . . 1 2 . 2 . . . . . . . 4 2 4 6 . . 1 . . 4 . . Brawler 1 | . . . . . . . . . . . . . . . . . . . . . . 1 . . . . . . . . . Duelist 1 | . . . . . . . . . . . . . . . . . . . . . . 1 . . . . . . . . . Sentry 23 | . . . 1 5 1 . 1 . 3 2 . . . . . 3 . 1 . . . 1 . . . 2 . . . 1 2 Demolisher 1 | . . . . . . . 1 . . . . . . . . . . . . . . . . . . . . . . . . Hunter 23 | . . . . . . . . . . . . 2 . . . 3 . . . . . . . . . . . . 3 . 15 Programmer 12 | . . . . . . . . . . . . . . . . 4 2 . . . . . . . . . . . 1 . 5 Behemoth 6 | . . . . . . . . . . . . . . . . 1 1 . . . . . . . 1 . 1 . 2 . . Hotshot 5 | . . . . . . . . . . . . . . . . . . . . . . . . . . . . . . . 5 Immortal 2 | . . . . . . . . . . . . . . . . . . . . . . . . . . . . . . . 2 Artisan 1 | . . . 1 . . . . . . . . . . . . . . . . . . . . . . . . . . . . Subdweller 17 | . . . 17 . . . . . . . . . . . . . . . . . . . . . . . . . . . . Z-Light 4 | . . . . . . . . . . . . . . 4 . . . . . . . . . . . . . . . . . Packrat 3 | . . . . . . . . . . . . . . . . . 3 . . . . . . . . . . . . . . Samaritan 6 | . . . . . . . 1 . 1 . . . . . . . . 1 . 1 . 2 . . . . . . . . . Tinkerer 1 | . . . . . . . . . . . . . . . . . . . . . . . 1 . . . . . . . . Assembled 10 | . . . . . . . . . . . . . . 10 . . . . . . . . . . . . . . . . . Wasp 5 | . . . . . . . . . 2 . . . . . . . . . . . . . . . 3 . . . . . . Best Kill Streak 14 | 2 4 5 7 2 4 . 2 . 4 5 . 2 . 10 14 9 2 1 . 4 1 6 3 . 4 11 1 . 7 2 11 Combat Bots Only 14 | . 4 2 6 2 4 . 2 . 4 2 . 2 . 10 14 3 2 1 . 4 1 6 3 . 4 10 1 . 4 1 10 Max Kills in Single Turn 5 | 1 1 1 3 1 4 . 1 . 3 1 . 1 . 2 5 1 1 1 . 3 1 3 2 . 3 4 1 . 4 2 3 Gunslinging 1 | . . . . . . . . . . . . . . 1 . . . . . . . . . . . . . . . . . Exploded 5 | . . . 3 . 4 . . . 3 . . 1 . . 5 . . . . 3 . 3 1 . 3 4 . . 2 . 1 Melee 1 | . . . . . . . 1 . 1 1 . . . . . 1 1 1 . 1 1 1 . . . 1 . . 1 1 1 Uniques/NPCs Destroyed 1 | . . . . . . . . . . . . . . 1 . . . . . . . . . . . . . . . . . Z-Imprinter (-6/Deep Caves) Combat | -11 -10 -10 -10 -8 -7 -7 -7 -7 -6 -6 -6 -6 -6 -6 -5 -5 -5 -5 -5 -4 -4 -4 -4 -4 -3 -3 -3 -3 -2 -2 -2 -------- Run | Yrd Mat Min Sub Mat Fac Low Low Dat Pro Fac Low Low Zio Dee Pro Fac Upp Upp War Pro Fac Upp Upp Zhi Pro Res Arm Lab Res Qua Frg Hostile Shots Fired 1921 | . 74 29 154 32 29 . 67 . 138 153 . 18 . 71 34 130 47 7 14 40 18 68 33 . 31 88 162 . 45 11 428 Missed 689 | . 20 8 39 13 14 . 24 . 29 64 . 5 . 29 14 46 14 . 7 8 13 25 8 . 5 23 69 . 17 5 190 Hits 1232 | . 54 21 115 19 15 . 43 . 109 89 . 13 . 42 20 84 33 7 7 32 5 43 25 . 26 65 93 . 28 6 238 Melee 51 | . . . . . . . . . . . . . . 3 . . 16 . . . 2 . . . . 6 1 . . . 23 Projectile 1181 | . 54 21 115 19 15 . 43 . 109 89 . 13 . 39 20 84 17 7 7 32 3 43 25 . 26 59 92 . 28 6 215 AOE 10 | . . . . . . . 2 . . 1 . . . . . 2 . . . . . . . . . . . . 2 . 3 Critical Strikes 53 | . . 1 1 3 . . . . . . . . . . . 4 1 . . . 1 3 . . 2 5 5 . 3 . 24 Actively Blocked 6 | . . . . . . . . . . . . . . . . . . . . . . . . . . 1 . . . . 5 Part Disruptions 1 | . . . . . . . . . . . . . . . . . . . . . . . . . . . . . . . 1 Damage Taken 22635 | . 592 283 1553 297 205 . 480 . 1152 1047 . 241 . 926 443 1866 351 126 146 574 186 860 981 . 324 1191 1507 . 1036 289 5979 Core 4535 | . 166 41 381 48 22 . 87 . 110 248 . 18 . 67 91 228 57 . 20 55 . 232 651 . 41 131 238 . 200 39 1364 Absorbed by Shields 1946 | . . . . . . . . . . . . . . . . . . . . . . . 194 . 305 380 707 . . . 360 Redirected to Shielding 1013 | . . . . . . . . . . . . . . . . . . . . . . . . . 20 126 . . . . 867 Ignored by Resistances 128 | . . . 10 . . . . . . 10 . . . 27 . 10 24 41 . . . . . . . . . . . . 6 Regen/Repaired (Parts) 275 | . . . . . . . . . . . . . 60 . . . 81 10 50 . . . . . . . . . 74 . . Core Remaining (%) 79 | 100 . . 77 93 . . . . 74 . . . . . 84 . . . . 68 . . . . 74 . . 69 . . . Volleys Fired 655 | 18 45 24 171 27 8 . 12 . 31 2 . 26 7 40 4 56 . . 1 1 . 11 17 7 16 18 13 . 3 . 97 Largest 3 | 2 2 3 3 2 2 . 2 . 2 1 . 2 1 2 1 2 . . 1 1 . 1 2 1 1 1 1 . 1 . 1 Hottest 196 | 60 70 132 196 108 138 . 140 . 155 85 . 113 120 146 50 188 . . 45 . . 98 186 88 105 105 113 . 49 . 120 Shots Fired 991 | 36 90 61 272 47 13 . 20 . 53 2 . 34 7 71 4 90 . . 1 1 . 11 23 7 16 18 13 . 4 2 95 Gun 611 | 36 90 61 137 47 13 . 20 . 43 . . 8 4 65 . 42 . . 1 . . . 4 7 . . . . . . 33 Cannon 260 | . . . 119 . . . . . 8 2 . 25 3 6 . 48 . . . . . 3 9 . 12 13 4 . 1 . 7 Launcher 107 | . . . 16 . . . . . 2 . . 1 . . 4 . . . . . . . 10 . 4 2 9 . 3 2 54 Special 13 | . . . . . . . . . . . . . . . . . . . . 1 . 8 . . . 3 . . . . 1 Kinetic 212 | 18 49 25 89 . . . . . 2 . . 29 . . . . . . . . . . . . . . . . . . . Thermal 524 | 18 41 36 175 27 12 . 4 . 8 1 . 4 3 65 . 70 . . . . . 3 13 7 12 13 4 . 1 . 7 Explosive 36 | . . . 8 . . . . . . . . 1 . . 4 . . . . 1 . 8 5 . 4 5 . . . . . Electromagnetic 187 | . . . . 20 1 . 16 . 43 1 . . 4 6 . 20 . . . . . . 5 . . . 9 . 3 2 57 Entropic 31 | . . . . . . . . . . . . . . . . . . . 1 . . . . . . . . . . . 30 Robot Hit Streak 46 | 9 9 18 46 14 9 . 8 . 32 3 . 4 . 7 1 16 . . . 1 . 6 7 7 2 14 7 . 10 1 22 Robot Miss Streak 8 | 2 5 3 5 2 1 . 3 . 5 . . 8 . 7 6 2 . . . . . 2 3 . 4 . 3 . 1 . 7 Penetration Max . | . . . . . . . . . . . . . . . . . . . . . . . . . . . . . . . . Secondary Targets 6 | . 2 1 . . . . . . . . . . . 2 . 1 . . . . . . . . . . . . . . . Max Gunslinging Chain 1 | . 1 1 . . . . . . . . . . . 1 . 1 . . . . . . . . . . . . . . . Shots Hit Robots 723 | 23 60 46 146 37 12 . 19 . 41 38 . 10 . 37 1 65 12 6 . 12 11 15 13 10 6 25 9 . 26 3 40 Core Hits 490 | 11 28 13 86 19 11 . 13 . 37 12 . 11 . 20 23 21 4 2 . 15 5 20 18 1 10 25 5 . 20 4 56 Critical Kills 4 | . 1 . 1 . . . . . . . . 1 . . . . . . . . . . . . 1 . . . . . . Critical Parts Destroyed 7 | . 1 . . . . . . . . 1 . . . . . 2 . 1 . . . . . . . . . . . . 2 Critical Strikes 36 | . 6 . 3 2 . . 1 . . 1 . 1 . . . 2 1 2 . 2 1 2 . 3 1 3 . . 2 . 3 Burn 11 | . 4 . 2 2 . . . . . . . . . . . . . . . . . . . 3 . . . . . . . Meltdown 2 | . . . 1 . . . . . . . . . . . . . . . . . . . . . 1 . . . . . . Destroy 3 | . 2 . . . . . . . . . . 1 . . . . . . . . . . . . . . . . . . . Smash 5 | . . . . . . . . . . 1 . . . . . 2 . 2 . . . . . . . . . . . . . Sever 2 | . . . . . . . . . . . . . . . . . . . . 1 . 1 . . . . . . . . . Impale 11 | . . . . . . . 1 . . . . . . . . . 1 . . 1 1 1 . . . 3 . . 2 . 1 Detonate 2 | . . . . . . . . . . . . . . . . . . . . . . . . . . . . . . . 2 Melee Attacks 262 | . . . . . . . 5 . 6 58 3 . 1 . . 16 22 6 . 16 16 16 . 3 1 25 5 . 41 6 16 Impact 47 | . . . . . . . . . . 23 . . . . . 13 5 6 . . . . . . . . . . . . . Slashing 57 | . . . . . . . . . 6 35 3 . 1 . . . . . . 12 . . . . . . . . . . . Piercing 155 | . . . . . . . 5 . . . . . . . . 3 17 . . 4 16 16 . . 1 25 5 . 41 6 16 Sneak Attacks 35 | . . . . . . . 2 . . 7 . . . . . 3 4 1 . 2 . 2 . 3 . 4 . . 5 . 2 Combat Hostiles 2 | . . . . . . . . . . . . . . . . . 1 . . . . . . . . . . . 1 . . Follow-up Attacks 3 | . . . . . . . . . . 2 . . . . . 1 . . . . . . . . . . . . . . . Damage Inflicted 33665 | 226 644 700 4953 616 442 . 455 . 1193 1901 . 509 . 1188 747 2211 694 309 . 927 319 1848 1230 186 1140 3329 540 . 2217 158 4983 Guns 7243 | 226 644 700 1216 616 220 . 245 . 419 . . 26 . 1154 . 602 . . . . . . 52 186 . . . . . . 937 Cannons 4032 | . . . 1727 . . . . . 242 63 . 186 . 34 . 865 . . . . . 69 228 . 184 356 46 . 32 . . Explosions 14445 | . . . 2010 . 222 . . . 387 54 . 297 . . 747 78 . . . 458 . 1268 950 . 956 2063 443 . 700 71 3741 Melee 7539 | . . . . . . . 210 . 145 1784 . . . . . 666 694 309 . 428 319 306 . . . 757 51 . 1485 87 298 Ramming 7 | . . . . . . . . . . . . . . . . . . . . . . . . . . . . . . . 7 Kinetic 2810 | 105 280 255 1660 . . . . . 387 . . 123 . . . . . . . . . . . . . . . . . . . Thermal 8567 | 121 364 445 2223 393 364 . 42 . 242 32 . 89 . 1154 . 1256 . . . . . 69 280 186 184 356 46 . 32 20 669 Explosive 7620 | . . . 1070 . . . . . . 54 . 297 . . 747 78 . . . 458 . 1268 629 . 956 2063 . . . . . Electromagnetic 5786 | . . . . 223 78 . 203 . 419 31 . . . 34 . 211 . . . . . . 321 . . . 443 . 700 51 3072 Impact 1671 | . . . . . . . . . . 666 . . . . . 586 110 309 . . . . . . . . . . . . . Slashing 1967 | . . . . . . . . . 145 1118 . . . . . . . . . 346 . 205 . . . 153 . . . . . Piercing 4300 | . . . . . . . 210 . . . . . . . . 80 584 . . 123 319 306 . . . 757 51 . 1485 87 298 Entropic 937 | . . . . . . . . . . . . . . . . . . . . . . . . . . . . . . . 937 Highest Corruption 35 | . 1 9 21 . . . . . 16 1 16 35 35 . 32 3 18 18 . . . 2 . . . 15 2 2 20 19 19 Average Corruption 8 | . 1 2 15 . . . . . 16 1 11 16 35 . 21 2 9 18 . . . 1 . . . 10 1 2 3 18 6 Corruption Purged . | . . . . . . . . . . . . . . . . . . . . . . . . . . . . . . . . Corruption Blocked . | . . . . . . . . . . . . . . . . . . . . . . . . . . . . . . . . Effects 207 | . 7 . 26 . . . . . 23 . 13 16 1 . 33 8 9 3 . . . 22 . . . 7 . . 8 6 25 Message Errors 51 | . 2 . 3 . . . . . 5 . 5 5 . . 13 3 2 2 . . . 3 . . . 1 . . 1 2 4 Matter Fused 44 | . 1 . 9 . . . . . 4 . 5 2 . . 5 3 1 . . . . 6 . . . 1 . . 2 2 3 Heat Flow Errors 19 | . 1 . 3 . . . . . 1 . 1 1 . . 3 . 3 . . . . 4 . . . . . . . . 2 Energy Discharges 27 | . 1 . 5 . . . . . 5 . 1 1 1 . 3 . . . . . . 5 . . . . . . 4 . 1 Parts Rejected 6 | . . . 1 . . . . . . . . . . . . 1 1 . . . . . . . . . . . . . 3 Parts Fused 1 | . . . . . . . . . . . . . . . . . 1 . . . . . . . . . . . . . . Data Loss (minor) 22 | . 1 . 2 . . . . . 1 . 1 4 . . 5 1 . . . . . 2 . . . 2 . . 1 . 2 Data Loss (major) 11 | . 1 . . . . . . . 2 . . . . . 3 . 1 . . . . 1 . . . 1 . . . 1 1 Misfires 5 | . . . 2 . . . . . 1 . . . . . . . . . . . . . . . . . . . . . 2 Alerts 7 | . . . . . . . . . 2 . . 1 . . 1 . . 1 . . . 1 . . . . . . . . 1 Misdirections 8 | . . . . . . . . . 1 . . 2 . . . . . . . . . . . . . 2 . . . 1 2 Weapon Failures 6 | . . . 1 . . . . . 1 . . . . . . . . . . . . . . . . . . . . . 4 Overload Shots 3 | . . . . . . . . . . . . . 3 . . . . . . . . . . . . . . . . . . Overflow Damage 2218 | . . . 106 . 41 . 6 . . 450 . . . . 24 412 305 119 . . 20 104 50 . 62 228 13 . 85 18 175 Projectiles 95 | . . . 24 . . . . . . . . . . . . 16 . . . . . . 20 . 23 12 . . . . . Explosions 615 | . . . 82 . 41 . . . . 14 . . . . 24 . . . . . . 53 30 . 39 156 13 . 31 18 114 Melee 1508 | . . . . . . . 6 . . 436 . . . . . 396 305 119 . . 20 51 . . . 60 . . 54 . 61 Knockbacks 4 | . . . . . . . . . . 1 . . . . . 2 1 . . . . . . . . . . . . . . Impact 4 | . . . . . . . . . . 1 . . . . . 2 1 . . . . . . . . . . . . . . Kinetic . | . . . . . . . . . . . . . . . . . . . . . . . . . . . . . . . . Secondary . | . . . . . . . . . . . . . . . . . . . . . . . . . . . . . . . . Self-Inflicted Damage 766 | . . . 94 . 103 . . . . 35 . . . . 136 25 . . . . . . 91 . . . 29 . . 100 153 Shots 44 | . . . 5 . 3 . . . . 1 . . . . 6 1 . . . . . . 9 . . . 2 . . 3 14 Rammed 2 | . . . . . . . . . . . . . . . . . . . . . . . . . . . . . . . 2 Targets Rammed 2 | . . . . . . . . . . . . . . . . . . . . . . . . . . . . . . . 2 Kicked . | . . . . . . . . . . . . . . . . . . . . . . . . . . . . . . . . Crushed . | . . . . . . . . . . . . . . . . . . . . . . . . . . . . . . . . Highest Temperature 561 | 40 480 369 431 236 180 . 384 . 503 25 260 159 252 466 236 369 255 . 151 170 26 213 561 168 420 321 261 . 296 . 172 Average Temperature 104 | 15 138 117 92 76 60 . 198 . 194 6 136 73 117 162 126 95 119 . 25 63 9 74 182 88 151 133 42 . 37 . 51 Received Heat Transfer 3170 | . 303 168 279 153 6 . 90 . 177 255 . 36 . 247 . 138 12 27 . 87 . 138 78 . 198 68 285 . 135 27 263 Effects 37 | . 4 . 1 . . . 5 . 9 . . . . 4 . . . . . . . . 9 . 2 . . . 3 . . Shutdowns 14 | . 1 . 1 . . . 4 . 5 . . . . . . . . . . . . . 2 . 1 . . . . . . Energy Bleed 4 | . 1 . . . . . 1 . . . . . . 1 . . . . . . . . 1 . . . . . . . . Interference 11 | . 2 . . . . . . . . . . . . 3 . . . . . . . . 3 . . . . . 3 . . Matter Decay 2 | . . . . . . . . . 2 . . . . . . . . . . . . . . . . . . . . . . Short Circuit 1 | . . . . . . . . . 1 . . . . . . . . . . . . . . . . . . . . . . Damage (minor) 1 | . . . . . . . . . 1 . . . . . . . . . . . . . . . . . . . . . . Damage (major) 1 | . . . . . . . . . . . . . . . . . . . . . . . . . 1 . . . . . . Damage (core) 3 | . . . . . . . . . . . . . . . . . . . . . . . 3 . . . . . . . . Siege Activations . | . . . . . . . . . . . . . . . . . . . . . . . . . . . . . . . . Martial Activations . | . . . . . . . . . . . . . . . . . . . . . . . . . . . . . . . . Shielding Activations . | . . . . . . . . . . . . . . . . . . . . . . . . . . . . . . . . Robots Disrupted 4 | . . . . . 1 . 1 . 2 . . . . . . . . . . . . . . . . . . . . . . Combat Hostiles 3 | . . . . . 1 . 1 . 1 . . . . . . . . . . . . . . . . . . . . . . Robots Corrupted 27 | . . . . . . . . . . 1 . . . . . 4 1 1 . . . . 3 . . . . . 1 . 16 Combat Hostiles 23 | . . . . . . . . . . . . . . . . 3 1 . . . . . 3 . . . . . 1 . 15 Parts Fried 54 | . . . . . . . 2 . 3 2 . . . . . 8 . . . . . . 4 . . . 1 . 1 . 33 Impact Corruptions 32 | . . . . . . . . . . 9 . . . . . 10 2 11 . . . . . . . . . . . . . Robots Melted 4 | . . . 1 . . . . . . . . . . . . 1 . . . . . . . 1 1 . . . . . . Combat Hostiles 4 | . . . 1 . . . . . . . . . . . . 1 . . . . . . . 1 1 . . . . . . Parts Melted 27 | . 3 . 4 1 1 . . . . 1 . . . 4 . 9 . . . . . . 2 . . 1 . . 1 . . Heat Transferred 13110 | 275 1369 962 3293 999 607 . 74 . 296 37 . 111 . 1369 . 1712 . . . . . 100 424 481 185 370 37 . 9 50 350 Parts Sabotaged 4 | . . . . . . . . . . . . . . . . . . . . . . . . . . . 4 . . . . Parts Stolen 2 | . . . . . . . . . . . . . . . . . 2 . . . . . . . . . . . . . . Parts Stripped 8 | . . . . . . . . . . 8 . . . . . . . . . . . . . . . . . . . . . Power Chain Reactions 5 | . . . . . 1 . . . 1 . . . . . . . . . . . . . . . . . . . . 1 2 Alert | -11 -10 -10 -10 -8 -7 -7 -7 -7 -6 -6 -6 -6 -6 -6 -5 -5 -5 -5 -5 -4 -4 -4 -4 -4 -3 -3 -3 -3 -2 -2 -2 ------- Run | Yrd Mat Min Sub Mat Fac Low Low Dat Pro Fac Low Low Zio Dee Pro Fac Upp Upp War Pro Fac Upp Upp Zhi Pro Res Arm Lab Res Qua Frg Maximum Alert Level 2 | . . . . 1 1 . . . . . . . . . . 1 . . . . 1 . . . . 2 2 . 2 1 1 Low Security (%) 62 | 100 100 100 . . 75 . . . . 100 . . . . . 91 . . . . . . . . . 30 . . 32 . 53 Level 1 31 | . . . . 100 24 . . . . . . . . . . 8 . . . . 100 . . . . 10 93 . 50 100 46 Level 2 6 | . . . . . . . . . . . . . . . . . . . . . . . . . . 59 6 . 17 . . Level 3 . | . . . . . . . . . . . . . . . . . . . . . . . . . . . . . . . . Level 4 . | . . . . . . . . . . . . . . . . . . . . . . . . . . . . . . . . Level 5 . | . . . . . . . . . . . . . . . . . . . . . . . . . . . . . . . . High Security . | . . . . . . . . . . . . . . . . . . . . . . . . . . . . . . . . Max Security . | . . . . . . . . . . . . . . . . . . . . . . . . . . . . . . . . Peak Influence 602 | 5 165 50 . 390 246 . . . . 91 . . . . . 215 . . . . 345 . . . . 602 428 . 474 295 367 Initial 390 | . . . . 390 142 . . . . 27 . . . . . . . . . . 323 . . . . 150 283 . . 263 129 Average 158 | . 45 10 . 338 165 . . . . 29 . . . . . 46 . . . . 293 . . . . 412 271 . 261 257 205 Influence Increases 8284 | 25 317 120 1073 193 189 . 80 . 205 349 . 90 . . 310 493 100 20 . 190 542 225 165 5 210 873 325 . 951 117 1117 Destroy 0b10 Robot/C 4600 | . 240 80 1000 120 100 . 80 . 180 80 . 80 . . 280 220 80 20 . 160 120 200 120 . 180 340 20 . 300 20 580 Destroy 0b10 Robot/NC 320 | 25 10 20 . 5 5 . . . 10 45 . . . . . 25 . . . 10 5 . 5 5 10 40 5 . 35 20 40 Destroy Leader 648 | . 54 20 10 52 20 . . . . 36 . 10 . . 30 84 20 . . 20 20 10 10 . 20 54 10 . 72 . 96 Allied During Kill 108 | . . . 3 . . . . . . . . . . . . . . . . . 18 . . . . 21 . . 62 4 . Successful Hack 159 | . 12 . . . . . . . . . . . . . . 9 . . . . . . . . . 37 40 . . 28 33 Disable Machine 330 | . . . . . 60 . . . . 45 . . . . . 75 . . . . . . . . . 15 45 . 30 30 30 Anti-Garrison Action 350 | . . . . . . . . . . . . . . . . . . . . . . . . . . . . . 150 . 200 Destroy Structure 474 | . 1 . . 1 4 . . . . 8 . . . . . 80 . . . . 4 . . . . 156 10 . 117 15 78 Advance Influence 450 | . . . . . . . . . . . . . . . . . . . . . 300 . . . . 150 . . . . . Partial Spotted 75 | . . . . 15 . . . . . 15 . . . . . . . . . . . . . . . 15 . . . . 30 Lose Combat Pursuer 600 | . . . 60 . . . . . 15 120 . . . . . . . . . . 75 15 30 . . 45 195 . 15 . 30 Miscellaneous 170 | . . . . . . . . . . . . . . . . . . . . . . . . . . . . . 170 . . Influence Decreases 8140 | 25 314 92 353 631 371 131 76 4 161 302 91 90 . . 310 296 264 53 . 152 295 510 141 29 210 332 438 428 483 355 1203 Entered New Map 1876 | . . 3 17 361 171 50 . 4 . 17 35 . . . . . 74 7 . . 15 106 . 24 . . 258 428 . 205 101 Time Decay 4734 | 25 314 89 296 270 190 81 76 . 91 265 56 90 . . 290 246 170 46 . 142 120 344 131 5 210 222 160 . 383 60 362 Lost Part 820 | . . . 40 . 10 . . . 70 20 . . . . 20 50 20 . . 10 20 60 10 . . 30 20 . . 20 420 Lost Ally 410 | . . . . . . . . . . . . . . . . . . . . . 140 . . . . 80 . . 100 70 20 Purge Threat 300 | . . . . . . . . . . . . . . . . . . . . . . . . . . . . . . . 300 Squads Dispatched 46 | . 2 1 . 1 2 . . . . 5 . . . . . 3 . . . . 5 . . . . 4 3 . 5 8 7 Investigation 8 | . 1 1 . . . . . . . 1 . . . . . . . . . . . . . . . . 1 . 2 . 2 Extermination 10 | . . . . . 2 . . . . 2 . . . . . 2 . . . . . . . . . . . . 1 1 2 Reinforcement 21 | . 1 . . . . . . . . 2 . . . . . 1 . . . . 3 . . . . 2 . . 2 7 3 Assault 4 | . . . . . . . . . . . . . . . . . . . . . . . . . . 2 2 . . . . Garrison 3 | . . . . 1 . . . . . . . . . . . . . . . . 2 . . . . . . . . . . Intercept . | . . . . . . . . . . . . . . . . . . . . . . . . . . . . . . . . Searches Triggered . | . . . . . . . . . . . . . . . . . . . . . . . . . . . . . . . . Construction Impeded 3 | . . . . . . . . . . . . . . . . . . . . . . . . . . . . . 1 . 2 Haulers Reinforced 2 | . . . . . . . . . . 1 . . . . . . . . . . . . . . . 1 . . . . . Active Scanning Responses . | . . . . . . . . . . . . . . . . . . . . . . . . . . . . . . . . Cargo Convoy Interrupts . | . . . . . . . . . . . . . . . . . . . . . . . . . . . . . . . . Stealth | -11 -10 -10 -10 -8 -7 -7 -7 -7 -6 -6 -6 -6 -6 -6 -5 -5 -5 -5 -5 -4 -4 -4 -4 -4 -3 -3 -3 -3 -2 -2 -2 --------- Run | Yrd Mat Min Sub Mat Fac Low Low Dat Pro Fac Low Low Zio Dee Pro Fac Upp Upp War Pro Fac Upp Upp Zhi Pro Res Arm Lab Res Qua Frg Distress Signals 16 | . . . . . . . . . 1 2 . . . . . . . . 1 . . . . . . 3 1 . 5 2 1 Communications Jammed 18 | . . . . . . . . . . . . . . . . 18 . . . . . . . . . . . . . . . Distress Signals 18 | . . . . . . . . . . . . . . . . 18 . . . . . . . . . . . . . . . Times Spotted 438 | . 16 6 61 7 6 . 4 . 15 31 . 7 . 22 6 15 4 1 13 10 10 13 9 . 10 41 28 . 37 17 49 Peak Tracking Total 21 | . 3 2 6 2 1 . 3 . 7 5 . 5 . 5 5 3 2 1 9 4 6 8 4 . 5 16 21 . 5 7 9 Tactical Retreats 22 | . . . 3 . . . . . 1 5 . . . . . . . . . . 2 1 1 . . 1 5 . 1 . 2 Traps | -11 -10 -10 -10 -8 -7 -7 -7 -7 -6 -6 -6 -6 -6 -6 -5 -5 -5 -5 -5 -4 -4 -4 -4 -4 -3 -3 -3 -3 -2 -2 -2 ------- Run | Yrd Mat Min Sub Mat Fac Low Low Dat Pro Fac Low Low Zio Dee Pro Fac Upp Upp War Pro Fac Upp Upp Zhi Pro Res Arm Lab Res Qua Frg Traps Triggered 19 | . 2 . . . . . . . . 3 . . . . . 1 . . . . . . . . . . 6 . . . 7 Indirectly 8 | . . . . . . . . . . . . . . . . . . . . . . . . . . . 4 . . . 4 Trap Hack Attempts . | . . . . . . . . . . . . . . . . . . . . . . . . . . . . . . . . Triggered . | . . . . . . . . . . . . . . . . . . . . . . . . . . . . . . . . Disarmed . | . . . . . . . . . . . . . . . . . . . . . . . . . . . . . . . . Reprogrammed . | . . . . . . . . . . . . . . . . . . . . . . . . . . . . . . . . Reused . | . . . . . . . . . . . . . . . . . . . . . . . . . . . . . . . . Traps Extracted . | . . . . . . . . . . . . . . . . . . . . . . . . . . . . . . . . Installed . | . . . . . . . . . . . . . . . . . . . . . . . . . . . . . . . . Triggered . | . . . . . . . . . . . . . . . . . . . . . . . . . . . . . . . . Machines | -11 -10 -10 -10 -8 -7 -7 -7 -7 -6 -6 -6 -6 -6 -6 -5 -5 -5 -5 -5 -4 -4 -4 -4 -4 -3 -3 -3 -3 -2 -2 -2 ---------- Run | Yrd Mat Min Sub Mat Fac Low Low Dat Pro Fac Low Low Zio Dee Pro Fac Upp Upp War Pro Fac Upp Upp Zhi Pro Res Arm Lab Res Qua Frg Machines Disabled 33 | . . . 4 . 4 . . . 2 3 . . 3 . . 5 . . . . . 1 . . . 1 3 . 3 2 2 Max in Single Turn 3 | . . . 3 . 2 . . . 1 1 . . 1 . . 2 . . . . . 1 . . . 1 1 . 1 1 2 Garrison Access 3 | . . . . . . . . . . . . . . . . . . . . . . . . . . . . . 2 . 1 Machines Repaired . | . . . . . . . . . . . . . . . . . . . . . . . . . . . . . . . . Machines Dismantled . | . . . . . . . . . . . . . . . . . . . . . . . . . . . . . . . . Machines Sabotaged . | . . . . . . . . . . . . . . . . . . . . . . . . . . . . . . . . Overloaded Fab Kills . | . . . . . . . . . . . . . . . . . . . . . . . . . . . . . . . . Hacking | -11 -10 -10 -10 -8 -7 -7 -7 -7 -6 -6 -6 -6 -6 -6 -5 -5 -5 -5 -5 -4 -4 -4 -4 -4 -3 -3 -3 -3 -2 -2 -2 --------- Run | Yrd Mat Min Sub Mat Fac Low Low Dat Pro Fac Low Low Zio Dee Pro Fac Upp Upp War Pro Fac Upp Upp Zhi Pro Res Arm Lab Res Qua Frg Machines Accessed 67 | . 5 . 2 2 . 2 1 3 . 8 1 . . . . 6 . . 7 . 2 . . 4 . 7 3 . 1 3 10 Terminals 33 | . 5 . . 2 . . . . . 7 . . . . . 2 . . . . 1 . . . . 4 2 . . 3 7 Fabricators 5 | . . . . . . . . . . 1 . . . . . 1 . . . . 1 . . . . 1 1 . . . . Repair Stations . | . . . . . . . . . . . . . . . . . . . . . . . . . . . . . . . . Recycling Units 4 | . . . . . . . . . . . . . . . . 3 . . . . . . . . . 1 . . . . . Scanalyzers 4 | . . . . . . . . . . . . . . . . . . . . . . . . . . 1 . . 1 . 2 Garrison Access 1 | . . . . . . . . . . . . . . . . . . . . . . . . . . . . . . . 1 Total Hacks 159 | . 10 . 4 4 . 5 1 23 . 13 1 . . . . 16 . . 18 . 3 . . 17 . 13 8 . 3 4 16 Successful 107 | . 6 . 4 . . 5 1 23 . . 1 . . . . 7 . . 18 . 2 . . 17 . 6 6 . . 3 8 Failed 52 | . 4 . . 4 . . . . . 13 . . . . . 9 . . . . 1 . . . . 7 2 . 3 1 8 Catastrophic 12 | . . . . 1 . . . . . 6 . . . . . 2 . . . . . . . . . 1 . . . 1 1 Database Lockouts . | . . . . . . . . . . . . . . . . . . . . . . . . . . . . . . . . Manual 36 | . 11 . . . . . . . . 7 . . 1 . . 4 . . 1 . 2 . . . . 3 2 . . 3 2 Terminals 65 | . 10 . . 4 . . . . . 12 . . . . . 7 . . . . 1 . . . . 8 7 . . 4 12 Fabricators 9 | . . . . . . . . . . 1 . . . . . 2 . . . . 2 . . . . 3 1 . . . . Repair Stations . | . . . . . . . . . . . . . . . . . . . . . . . . . . . . . . . . Recycling Units 8 | . . . . . . . . . . . . . . . . 7 . . . . . . . . . 1 . . . . . Scanalyzers 7 | . . . . . . . . . . . . . . . . . . . . . . . . . . 1 . . 3 . 3 Garrison Access 1 | . . . . . . . . . . . . . . . . . . . . . . . . . . . . . . . 1 Terminal Hacks 88 | . . . 4 . . 5 1 23 . . 1 . . . . 3 . . 18 . 1 . . 17 . 3 6 . . . 6 Record 23 | . . . 3 . . 4 . 6 . . . . . . . . . . 5 . . . . 5 . . . . . . . Part Schematic 13 | . . . . . . . . 9 . . . . . . . . . . . . . . . 4 . . . . . . . Robot Schematic 5 | . . . . . . . . 5 . . . . . . . . . . . . . . . . . . . . . . . Robot Analysis 4 | . . . . . . . . . . . . . . . . . . . . . . . . 4 . . . . . . . Prototype ID Bank 18 | . . . . . . . . 3 . . . . . . . . . . 11 . . . . 4 . . . . . . . Open Door 5 | . . . . . . 1 1 . . . 1 . . . . . . . 2 . . . . . . . . . . . . Open DSF 1 | . . . . . . . . . . . . . . . . . . . . . 1 . . . . . . . . . . Level Access Points 1 | . . . . . . . . . . . . . . . . . . . . . . . . . . . 1 . . . . Branch Access Points 2 | . . . . . . . . . . . . . . . . 1 . . . . . . . . . 1 . . . . . Alert Level 1 | . . . . . . . . . . . . . . . . . . . . . . . . . . 1 . . . . . Unreport Threat 2 | . . . . . . . . . . . . . . . . . . . . . . . . . . . . . . . 2 Locate Traps 4 | . . . . . . . . . . . . . . . . 1 . . . . . . . . . . 2 . . . 1 Transport Status 1 | . . . . . . . . . . . . . . . . . . . . . . . . . . . . . . . 1 Registered Components 2 | . . . . . . . . . . . . . . . . . . . . . . . . . . 1 1 . . . . Zone Layout 4 | . . . . . . . . . . . . . . . . 1 . . . . . . . . . . 2 . . . 1 Proto ID Catalog 2 | . . . 1 . . . . . . . . . . . . . . . . . . . . . . . . . . . 1 Fabricator Hacks 2 | . . . . . . . . . . . . . . . . 1 . . . . . . . . . 1 . . . . . Network Status 2 | . . . . . . . . . . . . . . . . 1 . . . . . . . . . 1 . . . . . Repair Station Hacks . | . . . . . . . . . . . . . . . . . . . . . . . . . . . . . . . . Recycling Unit Hacks 4 | . . . . . . . . . . . . . . . . 3 . . . . . . . . . 1 . . . . . Retrieve Components 4 | . . . . . . . . . . . . . . . . 3 . . . . . . . . . 1 . . . . . Scanalyzer 1 | . . . . . . . . . . . . . . . . . . . . . . . . . . . . . . . 1 Retrieve Study 1 | . . . . . . . . . . . . . . . . . . . . . . . . . . . . . . . 1 Garrison Access Hacks . | . . . . . . . . . . . . . . . . . . . . . . . . . . . . . . . . Unauthorized Hacks 12 | . 6 . . . . . . . . . . . . . . . . . . . 1 . . . . 1 . . . 3 1 Terminals 9 | . 6 . . . . . . . . . . . . . . . . . . . . . . . . . . . . 3 . Assimilate 3 | . . . . . . . . . . . . . . . . . . . . . . . . . . . . . . 3 . Botnet 1 | . 1 . . . . . . . . . . . . . . . . . . . . . . . . . . . . . . Skim 5 | . 5 . . . . . . . . . . . . . . . . . . . . . . . . . . . . . . Fabricators 2 | . . . . . . . . . . . . . . . . . . . . . 1 . . . . 1 . . . . . Liberate 2 | . . . . . . . . . . . . . . . . . . . . . 1 . . . . 1 . . . . . Repair Stations . | . . . . . . . . . . . . . . . . . . . . . . . . . . . . . . . . Recycling Units . | . . . . . . . . . . . . . . . . . . . . . . . . . . . . . . . . Scanalyzers . | . . . . . . . . . . . . . . . . . . . . . . . . . . . . . . . . Garrison Access 1 | . . . . . . . . . . . . . . . . . . . . . . . . . . . . . . . 1 Jam 1 | . . . . . . . . . . . . . . . . . . . . . . . . . . . . . . . 1 Data Cores Recovered 4 | . . . . . 1 . . . . 1 . . . . . . . . . . . . . . . . 1 . . 1 . Used . | . . . . . . . . . . . . . . . . . . . . . . . . . . . . . . . . Hacking Detections 37 | . 2 . . 2 . . . . . 8 . . . . . 4 . . . . 1 . . . . 7 3 . 1 2 7 Full Trace Events 2 | . . . . . . . . . . 1 . . . . . . . . . . . . . . . . . . 1 . . Feedback Events . | . . . . . . . . . . . . . . . . . . . . . . . . . . . . . . . . Feedback Blocked . | . . . . . . . . . . . . . . . . . . . . . . . . . . . . . . . . Robot Schematics Acquired 8 | . . . . . . . . 5 . . . . 3 . . . . . . . . . . . . . . . . . . Robots Built . | . . . . . . . . . . . . . . . . . . . . . . . . . . . . . . . . Authchips . | . . . . . . . . . . . . . . . . . . . . . . . . . . . . . . . . Time . | . . . . . . . . . . . . . . . . . . . . . . . . . . . . . . . . Total Robot Build Rating . | . . . . . . . . . . . . . . . . . . . . . . . . . . . . . . . . Part Schematics Acquired 27 | . . . . . . . . 9 . . . . 14 . . . . . . . . . . 4 . . . . . . . Parts Built . | . . . . . . . . . . . . . . . . . . . . . . . . . . . . . . . . Authchips . | . . . . . . . . . . . . . . . . . . . . . . . . . . . . . . . . Time . | . . . . . . . . . . . . . . . . . . . . . . . . . . . . . . . . Total Part Build Rating . | . . . . . . . . . . . . . . . . . . . . . . . . . . . . . . . . Part Studies Acquired 1 | . . . . . . . . . . . . . . . . . . . . . . . . . . . . . . . 1 Parts Repaired . | . . . . . . . . . . . . . . . . . . . . . . . . . . . . . . . . Time . | . . . . . . . . . . . . . . . . . . . . . . . . . . . . . . . . Parts Recycled . | . . . . . . . . . . . . . . . . . . . . . . . . . . . . . . . . Recycled Matter . | . . . . . . . . . . . . . . . . . . . . . . . . . . . . . . . . Retrieved Matter . | . . . . . . . . . . . . . . . . . . . . . . . . . . . . . . . . Retrieved Components 5 | . . . . . . . . . . . . . . . . 3 . . . . . . . . . 2 . . . . . Parts Scanalyzed . | . . . . . . . . . . . . . . . . . . . . . . . . . . . . . . . . Part Schematics Acquired . | . . . . . . . . . . . . . . . . . . . . . . . . . . . . . . . . Parts Damaged . | . . . . . . . . . . . . . . . . . . . . . . . . . . . . . . . . Bothacking | -11 -10 -10 -10 -8 -7 -7 -7 -7 -6 -6 -6 -6 -6 -6 -5 -5 -5 -5 -5 -4 -4 -4 -4 -4 -3 -3 -3 -3 -2 -2 -2 ------------ Run | Yrd Mat Min Sub Mat Fac Low Low Dat Pro Fac Low Low Zio Dee Pro Fac Upp Upp War Pro Fac Upp Upp Zhi Pro Res Arm Lab Res Qua Frg Used RIF Installer . | . . . . . . . . . . . . . . . . . . . . . . . . . . . . . . . . Robots Hacked 3 | . . . . . . . . . . . . . . . . . . . . . . . . 3 . . . . . . . Non-combat . | . . . . . . . . . . . . . . . . . . . . . . . . . . . . . . . . Combat 3 | . . . . . . . . . . . . . . . . . . . . . . . . 3 . . . . . . . Robot Hacks Applied 3 | . . . . . . . . . . . . . . . . . . . . . . . . 3 . . . . . . . parse_system 3 | . . . . . . . . . . . . . . . . . . . . . . . . 3 . . . . . . . Relay Couplers Released 4 | . . . . . . . . . . . . . . . . . . . . . . . . . . . . . 4 . . Machine Destruction 4 | . . . . . . . . . . . . . . . . . . . . . . . . . . . . . 4 . . Fabnet Peak Effective % . | . . . . . . . . . . . . . . . . . . . . . . . . . . . . . . . . Robots Rewired 1 | . . . . . . . . . . . . . . . . . . . . . . . . . . . . . . . 1 Allies Hacked 2 | . . . . . . . . . . . . . . . . . . . . . . . . . . . . . . 2 . Hacks Repelled . | . . . . . . . . . . . . . . . . . . . . . . . . . . . . . . . . Allies | -11 -10 -10 -10 -8 -7 -7 -7 -7 -6 -6 -6 -6 -6 -6 -5 -5 -5 -5 -5 -4 -4 -4 -4 -4 -3 -3 -3 -3 -2 -2 -2 -------- Run | Yrd Mat Min Sub Mat Fac Low Low Dat Pro Fac Low Low Zio Dee Pro Fac Upp Upp War Pro Fac Upp Upp Zhi Pro Res Arm Lab Res Qua Frg Total Allies 29 | . . . 2 . . . . . . . . . 2 . . . . . . . 7 . . . . 7 . . 6 4 1 Largest Group 7 | . . . 2 . . . . . . . . . 2 2 . . . . . . 4 . . . . 7 . . 5 3 1 Highest-Rated Group 295 | . . . 25 . . . . . . . . . 192 192 . . . . . . 192 . . . . 261 . . 295 177 69 Highest-Rated Ally 96 | . . . 17 . . . . . . . . . 96 96 . . . . . . 48 . . . . 47 . . 82 59 69 Total Orders . | . . . . . . . . . . . . . . . . . . . . . . . . . . . . . . . . Ally Attacks 155 | . . . 12 . . . . . . . . . . 31 . . . . . . 43 . . . . 24 . . 31 11 3 Total Damage 4002 | . . . 95 . . . . . . . . . . 762 . . . . . . 1318 . . . . 387 . . 973 428 39 Kills 21 | . . . 2 . . . . . . . . . . 5 . . . . . . 4 . . . . 2 . . 6 2 . Allies Corrupted 3 | . . . . . . . . . . . . . . . . . . . . . 1 . . . . 1 . . . . 1 Allies Melted 3 | . . . 1 . . . . . . . . . . 1 . . . . . . . . . . . . . . 1 . . X0-1V1 Amusement Gains 667 | . 9 . 10 8 11 2 10 . 3 40 5 23 197 35 46 8 6 3 41 9 2 32 12 4 4 37 . . 5 10 95 Good Acts 217 | . 5 16 58 4 1 4 3 . 1 1 1 7 . . 4 6 6 6 6 3 3 13 3 . 4 11 7 . 27 7 10 Bad Acts 207 | . 1 7 86 . 1 . 4 . 5 10 6 1 . . 5 . 5 . 4 8 1 3 . . 1 4 2 . 23 16 14 Intel | -11 -10 -10 -10 -8 -7 -7 -7 -7 -6 -6 -6 -6 -6 -6 -5 -5 -5 -5 -5 -4 -4 -4 -4 -4 -3 -3 -3 -3 -2 -2 -2 ------- Run | Yrd Mat Min Sub Mat Fac Low Low Dat Pro Fac Low Low Zio Dee Pro Fac Upp Upp War Pro Fac Upp Upp Zhi Pro Res Arm Lab Res Qua Frg Active Infowar (turns) 22963 | 8 471 . 2117 . . . 547 99 409 227 416 280 11108 1232 765 674 340 35 46 462 137 815 423 187 441 152 . . 892 124 556 Optics 3002 | . . . . . . . . . 178 . . . 2451 . . . . . . . 131 242 . . . . . . . . . Sensors 4310 | . . . . . . . . . . 227 416 280 512 . 705 398 86 . . . . . . . 411 152 . . 591 124 408 A.S.S. 54 | . . . . . . . . . . . . . . . . . . . . . . 54 . . . . . . . . . Terrain 1670 | . . . . . . . 547 99 357 . . . 585 57 . . . . . . 2 . . . 23 . . . . . . Structural 2117 | . . . 2117 . . . . . . . . . . . . . . . . . . . . . . . . . . . . Seismic 479 | 8 471 . . . . . . . . . . . . . . . . . . . . . . . . . . . . . . Decoding 3860 | . . . . . . . . . . . . . 3084 776 . . . . . . . . . . . . . . . . . Machine Analysis 3887 | . . . . . . . . . . . . . 2800 798 . . 254 35 . . . . . . . . . . . . . Cloaking 1572 | . . . . . . . . . . . . . . . . . . . . . . . . . . . . . 892 124 556 Spoofing 957 | . . . . . . . . . . . . . . . 53 144 . . . . . 573 176 4 7 . . . . . . Jamming 3196 | . . . . . . . . . . . . . 1676 . . 530 25 . 46 462 6 . 268 183 . . . . . . . ECM 10 | . . . . . . . . . . . . . . 3 7 . . . . . . . . . . . . . . . . Robot Analysis Total 4 | . . . . . . . . . . . . . . . . . . . . . . . . 4 . . . . . . . Derelict Logs Recovered 13 | . . 1 2 . . 2 . . 1 . 1 . 2 . . . 1 . . 1 . 1 1 . . . . . . . . Drone Launches . | . . . . . . . . . . . . . . . . . . . . . . . . . . . . . . . . Drone Recoveries . | . . . . . . . . . . . . . . . . . . . . . . . . . . . . . . . . Exploration | -11 -10 -10 -10 -8 -7 -7 -7 -7 -6 -6 -6 -6 -6 -6 -5 -5 -5 -5 -5 -4 -4 -4 -4 -4 -3 -3 -3 -3 -2 -2 -2 ------------- Run | Yrd Mat Min Sub Mat Fac Low Low Dat Pro Fac Low Low Zio Dee Pro Fac Upp Upp War Pro Fac Upp Upp Zhi Pro Res Arm Lab Res Qua Frg Turns Passed 38968 | 227 1202 559 3195 598 399 514 551 99 446 759 416 280 16111 3389 1015 905 340 321 960 917 249 1500 468 229 546 479 329 6 1009 124 826 Spaces Moved 15688 | 114 372 387 2147 161 253 260 357 76 175 806 463 338 1170 479 382 616 306 267 1149 381 293 390 267 187 304 647 357 15 1459 222 888 Core 63 | 21 . . . . . . . . . . . . . . . . . . . . . . . . . . . . . . 42 Treads 1001 | 93 372 139 5 161 72 . . . . . . . . . . 159 . . . . . . . . . . . . . . . Legs . | . . . . . . . . . . . . . . . . . . . . . . . . . . . . . . . . Wheels 3421 | . . 248 2142 . 181 260 357 76 157 . . . . . . . . . . . . . . . . . . . . . . Hover 11129 | . . . . . . . . . . 755 463 338 1170 479 382 457 306 267 1149 381 293 390 267 187 304 647 357 15 1459 222 841 Flight 74 | . . . . . . . . . 18 51 . . . . . . . . . . . . . . . . . . . . 5 Fastest Speed 23 | 50 160 95 90 163 120 120 110 130 130 61 58 55 36 42 42 42 42 103 30 31 31 31 107 107 107 23 32 41 39 39 35 Average Speed 89 | 139 160 118 113 294 141 149 137 130 135 73 63 56 71 76 124 103 84 103 68 79 40 143 146 107 164 43 39 41 40 43 47 Slowest Speed 460 | 160 160 160 460 460 165 150 180 130 239 220 71 61 300 122 184 230 162 103 103 100 100 186 180 107 167 167 44 41 41 44 157 Overloaded Moves 109 | . . . . . . . . . . . . . 3 . . 36 . . 39 . . 20 . . . 11 . . . . . Propulsion Burnouts . | . . . . . . . . . . . . . . . . . . . . . . . . . . . . . . . . Robots Hopped . | . . . . . . . . . . . . . . . . . . . . . . . . . . . . . . . . Potential Cave-ins 8 | . . . . . . . . . . . . . . . . 5 . . . . . . . . . . . . . . 3 Cave-ins Triggered . | . . . . . . . . . . . . . . . . . . . . . . . . . . . . . . . . Teleports 1 | . . . . . . . . . . . . . . . . . . . . . . . . . . . 1 . . . . Exploration Rate (%) 46 | 5 68 79 97 21 12 43 49 73 45 25 71 51 86 47 64 16 52 43 91 52 12 60 44 60 50 23 32 6 46 44 28 Regions Visited 31 Branch Regions 23 Pre-discovered Areas 13 | . 1 1 2 . . 1 . 1 . . . . 2 . . . 1 . . 1 . . . 3 . . . . . . . Known Exits Taken 24 | . 1 1 1 1 1 1 . . 1 1 1 1 1 . 1 1 1 1 1 1 . 1 . . 1 1 1 1 1 1 . Unknown Exits Taken 7 | 1 . . . . . . 1 1 . . . . . 1 . . . . . . 1 . 1 1 . . . . . . . Scrap Searched 29 | . . 1 6 . . 2 3 . . . 3 1 1 . 4 . 2 3 . . . 2 1 . . . . . . . . Spaces Dug 60 | . . . 2 . . . . . . 2 3 6 . . . 8 3 . 3 1 2 1 . . . 11 2 . 4 1 11 Terrain Destroyed 865 | . . . 137 . 3 . . . 5 7 3 48 . 20 138 51 3 . 3 26 2 101 94 . 85 83 5 . 4 5 42 Melee 36 | . . . . . . . . . . 2 3 . . . . . 3 . . 1 2 . . . . 9 2 . 4 1 9 Projectile 116 | . . . 18 . . . . . . . . 16 . 20 . 23 . . 3 . . 3 2 . 7 3 3 . . . 18 AOE 713 | . . . 119 . 3 . . . 5 5 . 32 . . 138 28 . . . 25 . 98 92 . 78 71 . . . 4 15 Terrain Rammed . | . . . . . . . . . . . . . . . . . . . . . . . . . . . . . . . . Walls Destroyed . | . . . . . . . . . . . . . . . . . . . . . . . . . . . . . . . . Machines Disabled . | . . . . . . . . . . . . . . . . . . . . . . . . . . . . . . . . Actions | -11 -10 -10 -10 -8 -7 -7 -7 -7 -6 -6 -6 -6 -6 -6 -5 -5 -5 -5 -5 -4 -4 -4 -4 -4 -3 -3 -3 -3 -2 -2 -2 --------- Run | Yrd Mat Min Sub Mat Fac Low Low Dat Pro Fac Low Low Zio Dee Pro Fac Upp Upp War Pro Fac Upp Upp Zhi Pro Res Arm Lab Res Qua Frg Total 39322 | 149 899 437 2668 240 279 386 394 77 325 923 582 391 16440 3434 914 762 353 302 1324 964 386 1286 325 209 330 769 518 14 1791 238 1213 Wait 21856 | . 453 11 206 41 . 109 4 . 95 11 106 16 15250 2858 510 25 20 21 131 559 69 846 38 . 2 43 90 . 229 . 113 Move 15657 | 113 371 386 2146 160 252 259 356 75 174 805 462 337 1169 478 381 615 305 266 1148 380 292 389 266 186 303 646 356 14 1458 221 888 Hop . | . . . . . . . . . . . . . . . . . . . . . . . . . . . . . . . . Pick Up 217 | 11 8 6 42 3 9 9 5 1 2 13 3 1 3 15 5 8 1 3 9 1 . 5 2 3 1 9 4 . 12 4 19 Fast Attach 135 | . 2 . . . 2 2 2 . 3 11 . 4 1 12 1 21 5 1 7 2 6 6 . 3 3 8 11 . 9 . 13 Attach 164 | 7 . 3 27 4 3 2 3 . 5 10 3 1 3 9 8 4 . . 5 2 . 6 1 3 1 8 4 . 5 4 33 Detach 31 | . . . 2 . . . . . 1 1 1 . 1 2 4 1 . . 1 1 . 2 . . 1 1 1 . 1 1 9 Swap 100 | . 10 3 25 1 3 . . . 3 1 2 1 1 1 . 3 1 1 5 . 1 . . . 1 3 18 . 12 1 3 Drop 230 | . 10 4 42 4 2 5 7 1 5 11 2 5 4 19 1 16 2 4 17 2 2 5 1 4 1 8 14 . 21 1 10 Fire 655 | 18 45 24 171 27 8 . 12 . 31 2 . 26 7 40 4 56 . . 1 1 . 11 17 7 16 18 13 . 3 . 97 Melee 251 | . . . . . . . 5 . 6 53 3 . 1 . . 13 19 6 . 16 16 16 . 3 1 25 5 . 41 6 16 Ram 2 | . . . . . . . . . . . . . . . . . . . . . . . . . . . . . . . 2 Kick . | . . . . . . . . . . . . . . . . . . . . . . . . . . . . . . . . Crush . | . . . . . . . . . . . . . . . . . . . . . . . . . . . . . . . . Escape Stasis 17 | . . . . . . . . . . 5 . . . . . . . . . . . . . . . . 2 . . . 10 Rewire 2 | . . . 2 . . . . . . . . . . . . . . . . . . . . . . . . . . . . Trap . | . . . . . . . . . . . . . . . . . . . . . . . . . . . . . . . . Miscellaneous 5 | . . . 5 . . . . . . . . . . . . . . . . . . . . . . . . . . . . Route ------- -11/Scrapyard -10/Materials (discovered 5 exits: *Mat x3 / *Min / *Sub) -10/Mines (discovered 3 exits: *Mat x2 / *Sub) -10/Subcaves (discovered 2 exits: *Mat / *Rec) -8/Materials -7/Factory (discovered 7 exits: Fac x4 / Sto / *Low x2) -7/Lower Caves -7/Lower Caves -7/Data Miner -6/Proximity Caves -6/Factory (discovered 3 exits: *Fac / *Low / Ext) -6/Lower Caves -6/Lower Caves (discovered 2 exits: *Fac / *Zio) -6/Zion (discovered 2 exits: *Dee / [*Pro]) -6/Deep Caves -5/Proximity Caves -5/Factory (discovered 4 exits: Fac x2 / *Upp x2) -5/Upper Caves -5/Upper Caves (discovered 2 exits: *Fac / *War) -5/Warlord -4/Proximity Caves -4/Factory -4/Upper Caves -4/Upper Caves (discovered 2 exits: Res / *Zhi) -4/Zhirov -3/Proximity Caves -3/Research (discovered 6 exits: Res x3 / *Arm / Tes x2) -3/Armory (discovered 3 exits: Res x2 / *Lab) -3/Lab -2/Research (discovered 4 exits: *Acc x2 / *Qua x2) -2/Quarantine (discovered 3 exits: *Acc / *Sec / *Frg) -2/Protoforge (discovered 1 exit: *Acc) History --------- Turn | Location | Event 7 | -11/Scrapyard | Discovered new exit (range 15) 228 | -11/Scrapyard | Entered Materials 311 | -10/Materials | Build established: Mutant 439 | -10/Materials | Discovered new exit (range 13) 640 | -10/Materials | Discovered new exit (range 5) 696 | -10/Materials | Core integrity fell below 50% 854 | -10/Materials | Loaded intel: 2 recycling unit locations 889 | -10/Materials | Identified exit to Materials 944 | -10/Materials | Learned location of 1 exit from Storage 996 | -10/Materials | Identified exit to Subcaves 996 | -10/Materials | Identified exit to Mines 1079 | -10/Materials | Prayed at D.C.S.S. Altar Unit 1198 | -10/Materials | X0-1V1 announced a LAN party 1421 | -10/Materials | Melee accuracy permanently improved by X0-1V1 (+10%; -100 max core) 1430 | -10/Materials | Entered Mines 1430 | -10/Mines | X0-1V1 revealed exit location to -9/Materials 1458 | -10/Mines | X0-1V1 activates XOMVISION 1467 | -10/Mines | Propulsion slot count permanently improved by X0-1V1 (+1) 1471 | -10/Mines | Core integrity restored by X0-1V1 (+45) 1526 | -10/Mines | Learned location of Storage (-7) 1667 | -10/Mines | X0-1V1 sent you into danger 1684 | -10/Mines | Weapon slot count temporarily expanded by X0-1V1 (+4) 1989 | -10/Mines | Entered Subcaves 1990 | -10/Subcaves | Approached by a straggling Scientist 1990 | -10/Subcaves | Identified exit to Materials 2000 | -10/Subcaves | X0-1V1 activates XOMVISION 2010 | -10/Subcaves | Learned Materials terminal intel 2017 | -10/Subcaves | Learned location of Zion (-6) 2017 | -10/Subcaves | Met a Zionite searching for "candidates" 2203 | -10/Subcaves | Visited 4L-MR0's lab 2210 | -10/Subcaves | Found Prototype Device 2213 | -10/Subcaves | Found Tower Shield 2396 | -10/Subcaves | Learned location of Mines (-9) 2400 | -10/Subcaves | A swath of the cavern ceiling suddenly collapsed 2403 | -10/Subcaves | X0-1V1 activates XOMVISION 2460 | -10/Subcaves | X0-1V1 sent hostile S-10 Pest (x3) 2569 | -10/Subcaves | Core integrity fell below 20% 2812 | -10/Subcaves | Core integrity restored by X0-1V1 (+28) 2813 | -10/Subcaves | Identified exit to Recycling 2813 | -10/Subcaves | X0-1V1 revealed exit location to -7/Recycling 2826 | -10/Subcaves | X0-1V1 activates XOMVISION 2849 | -10/Subcaves | Core integrity permanently improved by X0-1V1 (+250) 2859 | -10/Subcaves | X0-1V1 sent hostile S-10 Pest (x3) 2870 | -10/Subcaves | Core integrity restored by X0-1V1 (+80) 2883 | -10/Subcaves | X0-1V1 mutated your Weapon slot to Utility slot 3028 | -10/Subcaves | Shifting Twisted Machinery released Mak. Leg 3031 | -10/Subcaves | Shifting Twisted Machinery released Flamer 3121 | -10/Subcaves | Build established: Scavenger-Mutant 3326 | -10/Subcaves | X0-1V1 activates XOMVISION 3410 | -10/Subcaves | A swath of the cavern ceiling suddenly collapsed 3518 | -10/Subcaves | Build established: Subdweller-Mutant 3669 | -10/Subcaves | X0-1V1 activates XOMVISION 3813 | -10/Subcaves | X0-1V1 mutated your Utility slot to Weapon slot 3818 | -10/Subcaves | X0-1V1 sent hostile G-34 Mercenary (x4) 3906 | -10/Subcaves | Disturbed a concealed Subdweller 4025 | -10/Subcaves | System corruption reached 10% 4044 | -10/Subcaves | Shifting Twisted Machinery released Sub. Shrapnel Launcher 4061 | -10/Subcaves | Visited Clippyterm 4065 | -10/Subcaves | Learned 40 Factory zone layouts 4109 | -10/Subcaves | X0-1V1 sent hostile S-10 Pest (x6) 4139 | -10/Subcaves | Build established: Scavenger-Mutant 4369 | -10/Subcaves | X0-1V1 activates XOMVISION 4381 | -10/Subcaves | Core integrity restored by X0-1V1 (+100) 4508 | -10/Subcaves | X0-1V1 sent hostile G-34 Mercenary (x3) 4536 | -10/Subcaves | X0-1V1 mutated your Propulsion slot to Weapon slot 4549 | -10/Subcaves | X0-1V1 sent you into danger 4599 | -10/Subcaves | X0-1V1 sent hostile G-34 Mercenary (x3) 4629 | -10/Subcaves | X0-1V1 mutated your Weapon slot to Utility slot 4639 | -10/Subcaves | X0-1V1 sent you into danger 4651 | -10/Subcaves | X0-1V1 tapped a No Entrance sign 4673 | -10/Subcaves | X0-1V1 activates XOMVISION 4675 | -10/Subcaves | X0-1V1 sent hostile S-10 Pest (x3) 4679 | -10/Subcaves | X0-1V1 sent allied G-34 Mercenary (x2) 4685 | -10/Subcaves | X0-1V1 rewrote G-34 Mercenary IFF filter 4687 | -10/Subcaves | Core integrity restored by X0-1V1 (+60) 4702 | -10/Subcaves | X0-1V1 mutated your Weapon slot to Power slot 4757 | -10/Subcaves | X0-1V1 rewrote G-34 Mercenary IFF filter 4763 | -10/Subcaves | X0-1V1 mutated your Utility slot to Propulsion slot 4833 | -10/Subcaves | X0-1V1 activates XOMVISION 4835 | -10/Subcaves | X0-1V1 sent hostile S-10 Pest (x4) 4845 | -10/Subcaves | X0-1V1 mutated your Propulsion slot to Weapon slot 4852 | -10/Subcaves | Identified Sfc. Transmogrifier 4852 | -10/Subcaves | Forcibly received Sfc. Transmogifier from X0-1V1 4929 | -10/Subcaves | Build established: Mutant 4944 | -10/Subcaves | X0-1V1 mutated your Weapon slot to Propulsion slot 4954 | -10/Subcaves | X0-1V1 sent hostile G-34 Mercenary (x4) 4963 | -10/Subcaves | Ambushed by Subdweller buried in earth 4981 | -10/Subcaves | Core integrity restored by X0-1V1 (+84) 5012 | -10/Subcaves | X0-1V1 mutated your Propulsion slot to Utility slot 5034 | -10/Subcaves | X0-1V1 sent hostile G-34 Mercenary (x4) 5062 | -10/Subcaves | X0-1V1 activates XOMVISION 5099 | -10/Subcaves | X0-1V1 sent hostile S-10 Pest (x3) 5114 | -10/Subcaves | X0-1V1 mutated your Utility slot to Weapon slot 5184 | -10/Subcaves | Entered Materials 5184 | -8/Materials | Evolved 4 slots: Propulsion x1, Utility x3 5185 | -8/Materials | Loaded intel: 12 terminal locations 5519 | -8/Materials | Garrison activated, responded to threat 5600 | -8/Materials | Discovered new exit (range 16) 5766 | -8/Materials | X0-1V1 foreshadows a heat wave 5778 | -8/Materials | Identified exit to Factory 5782 | -8/Materials | Entered Factory 5782 | -7/Factory | Evolved 2 slots: Propulsion x1, Utility x1 5783 | -7/Factory | Identified exit to Lower Caves 5783 | -7/Factory | Identified exit to Storage 5783 | -7/Factory | Identified exit to Factory 6181 | -7/Factory | Entered Lower Caves 6185 | -7/Lower Caves | Attached Tower Shield, gained temporary slots: Power, Propulsion x2, Utility x2, Weapon x2 6229 | -7/Lower Caves | X0-1V1 activates XOMVISION 6304 | -7/Lower Caves | Encountered a Warlord checkpoint 6410 | -7/Lower Caves | Learned location of Armory (-3) 6410 | -7/Lower Caves | Learned Armory emergency access door positions 6410 | -7/Lower Caves | Learned Research terminal intel 6410 | -7/Lower Caves | Learned Armory terminal intel 6536 | -7/Lower Caves | Identified exit to Lower Caves 6673 | -7/Lower Caves | X0-1V1 activates XOMVISION 6695 | -7/Lower Caves | Entered another Lower Caves area 6885 | -7/Lower Caves | Attracted the attention of an 0b10 checkpoint 7020 | -7/Lower Caves | Encountered a Warlord checkpoint 7120 | -7/Lower Caves | X0-1V1 mutated your Utility slot to Propulsion slot 7153 | -7/Lower Caves | Discovered new exit (range 3) 7198 | -7/Lower Caves | X0-1V1 sent hostile D-53 Grenadier (x1) 7246 | -7/Lower Caves | Entered Data Miner 7246 | -7/Data Miner | Discovered new exit (range 6) 7263 | -7/Data Miner | Met Data Miner 7293 | -7/Data Miner | Learned location of Section 7 (-2) 7293 | -7/Data Miner | Acquired the access code to Warlord's prototype stash 7318 | -7/Data Miner | Received God Mode back door access code from Data Miner 7345 | -7/Data Miner | Entered Proximity Caves 7350 | -6/Proximity Caves | System corruption reached 10% 7378 | -6/Proximity Caves | X0-1V1 revealed exit location to -6/Factory 7382 | -6/Proximity Caves | X0-1V1 sent hostile Wasp (x3) 7612 | -6/Proximity Caves | Learned 4 Factory zone layouts 7647 | -6/Proximity Caves | Snuck into a huge 0b10 base via the rear entrance 7768 | -6/Proximity Caves | Lost 5 parts (1p1n1u2w) 7775 | -6/Proximity Caves | X0-1V1 sent you into danger 7791 | -6/Proximity Caves | Entered Factory 7791 | -6/Factory | Evolved 2 slots: Utility x2 7792 | -6/Factory | Identified exit to Extension 7822 | -6/Factory | Lost 4 parts (1p1n1u1w) 7952 | -6/Factory | Found Prototype Launcher 8118 | -6/Factory | Discovered new exit (range 15) 8170 | -6/Factory | X0-1V1 sent you into danger 8356 | -6/Factory | Identified exit to Factory 8542 | -6/Factory | Discovered new exit (range 6) 8547 | -6/Factory | Identified exit to Lower Caves 8550 | -6/Factory | Entered Lower Caves 8574 | -6/Lower Caves | X0-1V1 sent you into danger 8679 | -6/Lower Caves | System corruption reached 10% 8689 | -6/Lower Caves | Identified Scatter Rocket Array 8711 | -6/Lower Caves | X0-1V1 mutated your Weapon slot to Propulsion slot 8858 | -6/Lower Caves | Encountered a Warlord checkpoint 8899 | -6/Lower Caves | Learned Factory terminal intel 8920 | -6/Lower Caves | Discovered new exit (range 7) 8941 | -6/Lower Caves | X0-1V1 mutated your Propulsion slot to Weapon slot 8958 | -6/Lower Caves | Identified exit to Lower Caves 8966 | -6/Lower Caves | Entered another Lower Caves area 9060 | -6/Lower Caves | Discovered exit to Factory (range 11) 9074 | -6/Lower Caves | X0-1V1 activates XOMVISION 9094 | -6/Lower Caves | Encountered a Warlord checkpoint 9100 | -6/Lower Caves | Core integrity restored by X0-1V1 (+266) 9159 | -6/Lower Caves | Attracted the attention of an 0b10 checkpoint 9205 | -6/Lower Caves | Lost 4 allies 9223 | -6/Lower Caves | Discovered new exit (range 5) 9224 | -6/Lower Caves | Identified exit to Zion 9241 | -6/Lower Caves | System corruption reached 30% 9246 | -6/Lower Caves | Entered Zion 9270 | -6/Zion | System corruption cleaned by Quarantine Array 9363 | -6/Zion | Discovered new exit (range 9) 9368 | -6/Zion | Found CR-A16's Pointy Stick 9420 | -6/Zion | Learned location of Quarantine (-2) 9493 | -6/Zion | Identified exit to Deep Caves 9514 | -6/Zion | Given A8's code to call for help 9525 | -6/Zion | Given the Hacking Drone Bay 9526 | -6/Zion | Found Prototype Device 9548 | -6/Zion | Learned Factory stockpile data 10368 | -6/Zion | Met Imprinter 15147 | -6/Zion | Build established: Derelict-Mutant 15469 | -6/Zion | Enhanced Grunt warped into view, answering call for help 15470 | -6/Zion | Enhanced Grunt warped into view, answering call for help 16306 | -6/Zion | Build established: Mutant 20486 | -6/Zion | Build established: Hacker-Mutant 21493 | -6/Zion | Build established: Mutant 25347 | -6/Zion | Saw the warning signs outside the Deep Caves entrance 25357 | -6/Zion | Entered Deep Caves 25357 | -6/Deep Caves | Accompanied by 2 allies 28378 | -6/Deep Caves | X0-1V1 poked a wall 28389 | -6/Deep Caves | Attacked by Z-Imprinter 28411 | -6/Deep Caves | Allies destroyed Z-Imprinter 28553 | -6/Deep Caves | Z-Facility disabled 28594 | -6/Deep Caves | Found Prototype Protection 28595 | -6/Deep Caves | Identified Zio. Weapon Casing 28647 | -6/Deep Caves | Found Prototype Protection 28647 | -6/Deep Caves | Identified Zio. Heavy Carapace 28662 | -6/Deep Caves | Lost 3 parts (1n1u1w) 28728 | -6/Deep Caves | Build established: Scavenger-Mutant 28744 | -6/Deep Caves | Discovered new exit (range 6) 28746 | -6/Deep Caves | Entered Proximity Caves 28753 | -5/Proximity Caves | Destroyed 10 combat bots 28793 | -5/Proximity Caves | X0-1V1 vaporized surrounding terrain (radius 24) 28811 | -5/Proximity Caves | Lost 7 parts (3n2u2w) 28816 | -5/Proximity Caves | Destroyed 14 combat bots 29299 | -5/Proximity Caves | X0-1V1 revealed exit location to -5/Factory 29505 | -5/Proximity Caves | Build established: Mutant 29761 | -5/Proximity Caves | Entered Factory 29761 | -5/Factory | Evolved 2 slots: Propulsion x1, Utility x1 29763 | -5/Factory | Loaded intel: 26 terminal locations 29853 | -5/Factory | Identified exit to Upper Caves 29911 | -5/Factory | Identified exit to Factory 29911 | -5/Factory | X0-1V1 revealed exit location to -4/Factory 30484 | -5/Factory | Spotted B-75 Beast 30510 | -5/Factory | Revealed the true nature of CR-A16's Pointy Stick 30513 | -5/Factory | Weapon slot count temporarily expanded by X0-1V1 (+2) 30513 | -5/Factory | Destroyed B-75 Beast 30558 | -5/Factory | X0-1V1 revealed exit location to -4/Factory 30666 | -5/Factory | Entered Upper Caves 30719 | -5/Upper Caves | Spotted B-75 Beast 30722 | -5/Upper Caves | System corruption reached 10% 30724 | -5/Upper Caves | Identified exit to Upper Caves 30724 | -5/Upper Caves | X0-1V1 revealed exit location to -5/Upper Caves 30746 | -5/Upper Caves | Destroyed B-75 Beast 30747 | -5/Upper Caves | X0-1V1 activates XOMVISION 30942 | -5/Upper Caves | Antigrav System reconfigured into Item Mimic 31006 | -5/Upper Caves | Entered another Upper Caves area 31033 | -5/Upper Caves | Discovered exit to Factory (range 6) 31041 | -5/Upper Caves | Identified exit to Warlord 31041 | -5/Upper Caves | X0-1V1 revealed exit location to -5/Warlord 31057 | -5/Upper Caves | Attracted the attention of an 0b10 checkpoint 31060 | -5/Upper Caves | Identified Hacking Drone Bay 31293 | -5/Upper Caves | X0-1V1 activates XOMVISION 31327 | -5/Upper Caves | Entered Warlord 31549 | -5/Warlord | Opened Warlord's prototype stash 31570 | -5/Warlord | Found Prototype Reactor 31635 | -5/Warlord | Received a Watcher feed algorithm from an ecstatic Tinkerer 31736 | -5/Warlord | Learned Research scanalyzer intel 31736 | -5/Warlord | Learned Research garrison access intel 31736 | -5/Warlord | Learned 4 Quarantine zone layouts 31736 | -5/Warlord | Learned Research trap positions 31736 | -5/Warlord | Learned Testing stockpile data 31778 | -5/Warlord | Warlord's base attacked by MAIN.C 31899 | -5/Warlord | Found Prototype Energy Gun 31902 | -5/Warlord | Found Prototype Energy Gun 31916 | -5/Warlord | Found Prototype Special Weapon 31916 | -5/Warlord | Identified RU-N14's Throwing Claymores v3 31926 | -5/Warlord | Identified Vortex Rail (x2) 31929 | -5/Warlord | X0-1V1 mutated your Weapon slot to Utility slot 31939 | -5/Warlord | Found RU-N14's Throwing Claymores v3 31944 | -5/Warlord | Found RU-N14's Throwing Claymores v3 31946 | -5/Warlord | Found RU-N14's Throwing Claymores v3 32005 | -5/Warlord | Identified exit to Proximity Caves 32005 | -5/Warlord | X0-1V1 revealed exit location to -4/Proximity Caves 32007 | -5/Warlord | Met Warlord 32017 | -5/Warlord | Found System Purifier 32044 | -5/Warlord | X0-1V1 activates XOMVISION 32128 | -5/Warlord | Warlord forces counterattacked 32142 | -5/Warlord | Spotted Executioner 32142 | -5/Warlord | X0-1V1 sent you into danger 32263 | -5/Warlord | Opened side exit 32286 | -5/Warlord | Spotted Executioner 32287 | -5/Warlord | Entered Proximity Caves 32317 | -4/Proximity Caves | Lost 3 allies 32371 | -4/Proximity Caves | Spotter reported a threat 32410 | -4/Proximity Caves | Spotter reported a threat 32430 | -4/Proximity Caves | Found Scimitar of Distortion 32940 | -4/Proximity Caves | X0-1V1 mutated your Propulsion slot to Weapon slot 33051 | -4/Proximity Caves | X0-1V1 activates XOMVISION 33193 | -4/Proximity Caves | Discovered exit to Factory (range 10) 33204 | -4/Proximity Caves | Entered Factory 33204 | -4/Factory | Evolved 2 slots: Propulsion x2 33293 | -4/Factory | X0-1V1 sent you to a vault 33316 | -4/Factory | Garrison activated, responded to threat 33330 | -4/Factory | Weapon slot count temporarily expanded by X0-1V1 (+3) 33370 | -4/Factory | Discovered new exit (range 7) 33377 | -4/Factory | Lost 4 allies 33447 | -4/Factory | X0-1V1 enhanced Transport squad support 33453 | -4/Factory | Entered Upper Caves 33455 | -4/Upper Caves | X0-1V1 activates XOMVISION 33522 | -4/Upper Caves | Lost 3 parts (2n1u) 33595 | -4/Upper Caves | X0-1V1 mutated your Utility slot to Weapon slot 33600 | -4/Upper Caves | Attracted the attention of an 0b10 checkpoint 33646 | -4/Upper Caves | Lost 3 parts (2n1u) 33739 | -4/Upper Caves | Found Alien Artifact 33839 | -4/Upper Caves | X0-1V1 activates XOMVISION 33940 | -4/Upper Caves | Learned location of 1 exit from Research 34038 | -4/Upper Caves | Discovered new exit (range 8) 34283 | -4/Upper Caves | X0-1V1 activates XOMVISION 34845 | -4/Upper Caves | Build established: Gunner 34851 | -4/Upper Caves | X0-1V1 activates XOMVISION 34870 | -4/Upper Caves | Identified exit to Upper Caves 34953 | -4/Upper Caves | Entered another Upper Caves area 34954 | -4/Upper Caves | Encountered a Warlord checkpoint 35127 | -4/Upper Caves | Core integrity fell below 50% 35184 | -4/Upper Caves | X0-1V1 activates XOMVISION 35238 | -4/Upper Caves | Build established: Tank 35247 | -4/Upper Caves | Core integrity restored by X0-1V1 (+299) 35404 | -4/Upper Caves | Core integrity restored by X0-1V1 (+299) 35405 | -4/Upper Caves | Identified exit to Research 35415 | -4/Upper Caves | Discovered new exit (range 7) 35421 | -4/Upper Caves | Attracted the attention of an 0b10 checkpoint 35421 | -4/Upper Caves | Entered Zhirov 35421 | -4/Zhirov | Discovered new exit (range 3) 35441 | -4/Zhirov | Met Zhirov 35461 | -4/Zhirov | Learned location of Testing (-3) 35461 | -4/Zhirov | Learned location of Command (-1) 35471 | -4/Zhirov | Zhirov requested help retrieving the SGEMP Prototype 35594 | -4/Zhirov | Found Alien Artifact 35595 | -4/Zhirov | Identified Integrated Reactor 35595 | -4/Zhirov | Installed Integrated Reactor, increased core energy generation (+10) 35610 | -4/Zhirov | Found Alien Artifact 35650 | -4/Zhirov | Entered Proximity Caves 35650 | -3/Proximity Caves | Spotted B-86 Titan 35660 | -3/Proximity Caves | Destroyed B-86 Titan 35688 | -3/Proximity Caves | Lost 3 parts (1n1u1w) 35729 | -3/Proximity Caves | Spotter reported a threat 35765 | -3/Proximity Caves | X0-1V1 sent hostile Wasp (x3) 35811 | -3/Proximity Caves | X0-1V1 activates XOMVISION 36153 | -3/Proximity Caves | Discovered exit to Research (range 12) 36196 | -3/Proximity Caves | Entered Research 36196 | -3/Research | Evolved 2 slots: Power x1, Utility x1 36197 | -3/Research | Identified exit to Research 36198 | -3/Research | Loaded intel: 94 trap records 36199 | -3/Research | Loaded intel: 21 terminal locations 36200 | -3/Research | Loaded intel: 6 scanalyzer locations 36201 | -3/Research | Loaded intel: 4 garrison access locations 36270 | -3/Research | Found Exp. Hacking Suite 36360 | -3/Research | X0-1V1 mutated your Weapon slot to Propulsion slot 36362 | -3/Research | Identified exit to Armory 36362 | -3/Research | Identified exit to Testing 36364 | -3/Research | System corruption reached 10% 36379 | -3/Research | Destroyed 10 combat bots 36424 | -3/Research | X0-1V1 sent you to a vault 36446 | -3/Research | First assault squad dispatched 36482 | -3/Research | X0-1V1 revealed exit location to -2/Research 36534 | -3/Research | X0-1V1 revealed exit location to -2/Research 36639 | -3/Research | X0-1V1 activates XOMVISION 36658 | -3/Research | Lost 4 allies 36675 | -3/Research | Entered Armory 36677 | -3/Armory | Loaded intel: 14 terminal locations 36696 | -3/Armory | Identified Vortex Chain Reactor 36722 | -3/Armory | Found Prototype Device 36723 | -3/Armory | Identified Exp. EM Disruption Field 36733 | -3/Armory | Found Prototype Launcher 36734 | -3/Armory | Identified Com. Tesla Bomb Launcher 36832 | -3/Armory | Spotted B-86 Titan 36836 | -3/Armory | Destroyed B-86 Titan 36889 | -3/Armory | X0-1V1 activates XOMVISION 36912 | -3/Armory | Identified exit to Lab 36912 | -3/Armory | X0-1V1 revealed exit location to -3/Lab 36965 | -3/Armory | Spotted Armor Guard 36965 | -3/Armory | Spotted Armor Guard 36986 | -3/Armory | Spotted Armor Guard 36986 | -3/Armory | Spotted Armor Guard 36987 | -3/Armory | Build established: Hacker-Mutant 36996 | -3/Armory | Identified Transdimensional Reconstructor 36996 | -3/Armory | Warped through subspace to slip node 37004 | -3/Armory | Entered Lab 37004 | -3/Lab | Discovered exit to Research (range 9) 37010 | -3/Lab | Entered Research 37010 | -2/Research | Warlord forces began assault on 0b10 37010 | -2/Research | Evolved 2 slots: Utility x1, Weapon x1 37046 | -2/Research | Found Gamma Bomb Array 37047 | -2/Research | Weapon slot count temporarily expanded by X0-1V1 (+2) 37048 | -2/Research | Found Gamma Bomb Array 37062 | -2/Research | X0-1V1 activates XOMVISION 37088 | -2/Research | Spotted B-90 Cyclops 37097 | -2/Research | Destroyed B-90 Cyclops 37100 | -2/Research | Spotted B-90 Cyclops 37103 | -2/Research | Destroyed B-90 Cyclops 37120 | -2/Research | Research machine network offline 37274 | -2/Research | Met up with Warlord 37297 | -2/Research | Discovered new exit (range 15) 37317 | -2/Research | X0-1V1 sent you to a vault 37383 | -2/Research | Lost 4 allies 37480 | -2/Research | Spotted Striker 37502 | -2/Research | Borebot progress halted 37546 | -2/Research | Borebot progress halted 37576 | -2/Research | Discovered new exit (range 4) 37580 | -2/Research | Identified exit to Quarantine 37585 | -2/Research | Spotted 2U-2XS(g) 37585 | -2/Research | Spotted Striker 37627 | -2/Research | Lost 3 allies 37933 | -2/Research | System corruption reached 10% 37936 | -2/Research | Spotted Striker 37936 | -2/Research | X0-1V1 sent you into danger 37949 | -2/Research | X0-1V1 sent allied Cetus Guard (x1) 37951 | -2/Research | Allies destroyed Striker 37958 | -2/Research | X0-1V1 activates XOMVISION 37966 | -2/Research | Identified exit to Access 37966 | -2/Research | X0-1V1 revealed exit location to -1/Access 37989 | -2/Research | Lost 7 allies 37993 | -2/Research | X0-1V1 mutated your Weapon slot to Propulsion slot 37994 | -2/Research | X0-1V1 sent hostile G-67 Veteran (x4) 38004 | -2/Research | X0-1V1 added 0b10 threat records associated with you (considerable) 38005 | -2/Research | Spotted Cetus Guard 38005 | -2/Research | X0-1V1 sent you into danger 38010 | -2/Research | Warlord invited to help at Command 38010 | -2/Research | Given Cave Seal Controls access code 38010 | -2/Research | X0-1V1 revealed exit location to -2/Quarantine 38012 | -2/Research | Spotted Striker 38012 | -2/Research | Found Exp. Cloaking Device 38014 | -2/Research | Spotted Striker 38019 | -2/Research | X0-1V1 announced a LAN party 38019 | -2/Research | Entered Quarantine 38019 | -2/Quarantine | X0-1V1 sent you to a vault 38021 | -2/Quarantine | Discovered exit to Access (range 18) 38022 | -2/Quarantine | X0-1V1 mutated your Propulsion slot to Weapon slot 38024 | -2/Quarantine | X0-1V1 enhanced Transport squad support 38025 | -2/Quarantine | X0-1V1 announced a LAN party 38032 | -2/Quarantine | X0-1V1 vaporized surrounding terrain (radius 24) 38038 | -2/Quarantine | X0-1V1 sent someone to keep an eye on you 38046 | -2/Quarantine | X0-1V1 sent you into danger 38048 | -2/Quarantine | X0-1V1 mutated your Propulsion slot to Utility slot 38063 | -2/Quarantine | Found Alien Artifact 38091 | -2/Quarantine | Found Alien Artifact 38109 | -2/Quarantine | Spotted Fortress 38139 | -2/Quarantine | Discovered new exit (range 6) 38139 | -2/Quarantine | Discovered new exit (range 6) 38140 | -2/Quarantine | Identified exit to Protoforge 38142 | -2/Quarantine | Identified exit to Section 7 38143 | -2/Quarantine | Entered Protoforge 38159 | -2/Protoforge | Superfortress began startup sequence 38171 | -2/Protoforge | Spotted Hotshot 38171 | -2/Protoforge | Spotted Hotshot 38208 | -2/Protoforge | Spotted Hotshot 38208 | -2/Protoforge | Spotted Hotshot 38208 | -2/Protoforge | Spotted Hotshot 38221 | -2/Protoforge | Destroyed Hotshot 38221 | -2/Protoforge | Destroyed Hotshot 38222 | -2/Protoforge | Destroyed Hotshot 38224 | -2/Protoforge | Destroyed Hotshot 38225 | -2/Protoforge | Destroyed Hotshot 38267 | -2/Protoforge | Discovered exit to Access (range 8) 38275 | -2/Protoforge | Identified Dimensional Node Initializer 38275 | -2/Protoforge | Initialized slip node 38276 | -2/Protoforge | Destroyed 10 combat bots 38312 | -2/Protoforge | Found Exp. Sensor Array 38397 | -2/Protoforge | X0-1V1 whisked you away to safety 38424 | -2/Protoforge | Spotted Hotshot 38572 | -2/Protoforge | Found Prototype Energy Gun 38573 | -2/Protoforge | Identified Cep. Variable Chargecaster 38579 | -2/Protoforge | Found Prototype Protection 38579 | -2/Protoforge | Identified Cep. Core Shell 38580 | -2/Protoforge | Destroyed 8 combat bots 38583 | -2/Protoforge | Found Cep. Core Shell 38584 | -2/Protoforge | Found Cep. Core Shell 38585 | -2/Protoforge | Lost 6 parts (1p1n4u) 38586 | -2/Protoforge | Found Cep. Core Shell 38590 | -2/Protoforge | Found Prototype Storage 38590 | -2/Protoforge | Identified Cep. Chromion Battery 38594 | -2/Protoforge | Found Cep. Chromion Battery 38595 | -2/Protoforge | Found Cep. Chromion Battery 38672 | -2/Protoforge | Found Exp. Remote Datajack 38773 | -2/Protoforge | Lost 12 parts (2p4n3u3w) 38805 | -2/Protoforge | Found Prototype Device 38809 | -2/Protoforge | Found Cep. Recoil Nullifier 38815 | -2/Protoforge | Spotted Immortal 38815 | -2/Protoforge | Spotted Immortal 38855 | -2/Protoforge | Destroyed Immortal 38869 | -2/Protoforge | Destroyed Immortal 38909 | -2/Protoforge | Spotted Decapitator 38909 | -2/Protoforge | Spotted Decapitator 38909 | -2/Protoforge | Spotted Decapitator 38909 | -2/Protoforge | Spotted Decapitator 38940 | -2/Protoforge | Core integrity fell below 50% 38951 | -2/Protoforge | Found Cep. Core Shell 38955 | -2/Protoforge | Found Cep. Core Shell 38957 | -2/Protoforge | Core integrity fell below 20% 38957 | -2/Protoforge | Found Cep. Core Shell 38960 | -2/Protoforge | Found Cep. Core Shell 38969 | -2/Protoforge | Destroyed by Y-72 Warden with Quantum Rifle Last Messages --------------- 38955_ Acquired Cep. Core Shell. 38958_ Sfc. Transmogrifier converts Cep. Core Shell into Adv. Quantum Shading Machine. 38958_ Adv. Quantum Shading Machine destroyed. 38960_ Acquired Cep. Core Shell. 38963_ Slammed into Decapitator. 38963_ Cep. Core Shell destroyed. 38964_ Slammed into Decapitator. 38964_ Destabilizing: System corrupted (+2). 38966_ System corrupted: Cep. Core Shell rejected. 38966_ Acquired Cep. Core Shell. 38966_ Penetrated by Slug. 38966_ Slug penetrates Research Cell. 38966_ Cep. Core Shell destroyed. 38966_ Penetrated by Slug. 38966_ Slug penetrates Decapitator. 38968_ Penetrated by Slug. 38968_ Slug penetrates Closed Research Cell. 38969_ X0-1V1 chuckles heartily! Map ----- +----------------------------------------------------+ | ?????????????????????????????????????????????????? | | ?????????????????????????????????????????????????? | | ?????????????????????????????????????????????????? | | ?????????????????????????????????????????????????? | | ?????????????????????????????????????????????????? | | ?????????????????????????????????????????????????? | | ?????????????????????????????????????????????????? | | ?????????????????????????????????????????????????? | | ?????????????????????????????????????????????????? | | ?????????????????????????????????????????????????? | | ?????????????????????????????????????????????????? | | ?????????????????????????????????????????????????? | | ?????????????????????????????????????????????????? | | ?????????????????????????????????????????????????? | | ?????????????????????????????????????????????????? | | ?????????????????????????????????????????????????? | | ?????????????????????##############??????????????? | | ?????????????????????#"""""""" ""#??????????????? | | ?????????????????????#"!!! ! "#??????????????? | | ?????????????????????#" c "#??????????????? | | ?????????????????????###""""cc "####?????????????? | | ???????????????????????# #?????????????? | | ???????????????????????" ##????????????? | | ???????????????????????" c Y "????????????? | | ???????????????????????" Y "#???????????? | | ???????????????????????" @ #???????????? | | ???????????????????????" ##??????????? | | ???????????????????????# "#??????????? | | ???????????????????????# c"" "#??????????? | | ???????????????????????" "" #??????????? | | ???????????????????????" """" "#??????????? | | ???????????????????????" #"""""""#??????????? | | ???????????????????????## #hh#########??????????? | | ????????????????????????#### #??????????????????? | | ???????????????????????????# #??????????????????? | | ???????????????????????????#! #????????????????#" | | ???????????????????????????# #????????????????#"! | | ???????????????????????????# #?????????????????" | | ???????????????????????????# ###???????????????? | | ???????????????????????????#! "#???????????????? | | ???????????????????????????# "#????????????????? | | ???????????????????????????# "#????????????????? | | ???????????????????????????# "#????????????????? | | ???????????????????????????#!!###????????????????? | | ???????????????????????????# #??????????????????? | | ???????????????????????????# #??????????????????? | | ???????????????????????????# #??????????????????? | | ???????????????????????????# #??????????????????? | | ????????????????####???????# #??????????????????? | | ????????????????# ######### #################### | +----------------------------------------------------+ Best States ------------- Heat Dissipation 188 Coolant Potential 65 Energy Generation 116 Energy Capacity 3300 Matter Stores 1000 Matter Capacity 1100 Sight Range 23 Robot Scan Range 20 Terrain Scan Range 30 Terrain Scan Density 10 ECM Strength 2 Jamming Range 16 Cloak Strength 4 Power Amplification 30 Additional Mass Support 12 Base Temperature (-) 100 EM Shielding 6 Corruption Block 16 Armor Coverage 2225 Resistance: KI 40 Resistance: TH 25 Resistance: EM 20 Core Shielding 90 Power Shielding 66 Propulsion Shielding 90 Utility Shielding 90 Weapon Shielding 100 Weapon Cycling 25 Melee Speed Boost 40 Phase Shifting 15 Evasion (%) 84 Targeting Accuracy 8 Melee Accuracy 8 Launcher Accuracy 40 Core Analysis 6 Armor Integrity Analysis 30 Recoil Reduction 6 Matter Filtering 30 Particle Charging 25 Force Boost 30 Salvage Targeting 5 Offensive Hacking 44 Defensive Hacking 12 Item Schematics ----------------- Combat Drone Bay | -7/Data Miner | Free Lgt. Regenerative Plating | -7/Data Miner | Free Cld. Cesium-ion Thruster | -7/Data Miner | Free Exp. Propulsion Shielding | -7/Data Miner | Free Imp. Lightning Gun | -7/Data Miner | Free Antigrav System | -7/Data Miner | Free KE Penetrator | -7/Data Miner | Free Adv. Salvage Targeting Computer | -7/Data Miner | Free Arm. Medium Treads | -7/Data Miner | Free Arm. Leg | -6/Zion | Archive Adv. Drone Bay | -6/Zion | Archive Adv. Signal Interpreter | -6/Zion | Archive Lyr. Heavy Armor Plating | -6/Zion | Archive Imp. Cryofiber Web | -6/Zion | Archive Imp. Kinecellerator | -6/Zion | Archive Imp. Actuator Array | -6/Zion | Archive Adv. Reaction Control System | -6/Zion | Archive HERF Cannon | -6/Zion | Archive EM Shield | -6/Zion | Archive Adv. Field Recycling Unit | -6/Zion | Archive IFF Parser | -6/Zion | Archive Imp. Transmission Jammer | -6/Zion | Archive Imp. Coolant Injector | -6/Zion | Archive Exp. Heat Sink | -4/Zhirov | Free Assault Drone Bay | -4/Zhirov | Free Exp. Optical Array | -4/Zhirov | Free Imp. Arc Thrower | -4/Zhirov | Free Robot Schematics ------------------ G-50 Soldier | -7/Data Miner | Free L-41 Fighter | -7/Data Miner | Free E-15 Imp | -7/Data Miner | Free S-27 Virus | -7/Data Miner | Free B-60 Warrior | -7/Data Miner | Free T-07 Excavator | -6/Zion | Archive M-14 Sweeper | -6/Zion | Archive C-57 Dissector | -6/Zion | Archive Fabricated ------------ Nothing Repaired ---------- Nothing Studied --------- Cmb. Linear Gravjet | -2/Protoforge | Hacked Alien Tech Used ----------------- Integrated Reactor Transdimensional Reconstructor Dimensional Node Initializer Achievements -------------- None Challenges ------------ None Game ------ Seed AntimissileProtonLog Manual? 0 Play Time 03:48:11 Cumulative 989.5 hours Start 2026.07.09 @ 22:24:50 End 2026.07.11 @ 07:18:55 Sessions 10 Manual Loads 0 Difficulty Rogue Special Mode None Game No. 1129 Rogue 1129 Adventurer 0 Explorer 0 Win Type - Total 45 Types 22/1/9/3/2/1/3/2/1/1 Lore% 98 Gallery% 97 Achievement% 93 Wizard Run 0 Options --------- Layout 2 ASCII 0 Keyboard 0 Movement Mouse Keybinds 0 Fullscreen 2 Font 24/X11 Map View 50x49 Zoom Use 0% Tactical HUD 1 Map Filters NONE Filters NONE Steam 1 RUN: f51e3ccd-9cba-43ff-bfe8-38f8024927b4